Workbook

Sheet Footnotes
A3: Allocation Assumptions
A4: • Visit Central Budget Policies & Assumptions page for details related to allocations assumptions
A5: Central Budget Policies & Assumptions
A7: • Please note, as the "supplement" includes multiple resource types, it is unlikely, for example, that the "ICR" column value will equal the total core funds provided to a unit using the ICR resource.
A9: Tabs Overview
A10: • Total tab aggregates data from tabs Beginning Balance, Tuition, Summer Quarter, Indirect Cost Recovery, Miscellaneous Fee, and Supplement
A11: •Supplement tab aggregates from tabs Supp_Inflation Adjustment, Supp_State Funded Merit and Benefits, Supp_Legislative Directives, and Supp_Centrally Funded Initiatives
A12: •Supp_Legislative Directives aggregates from tabs Supp_LD_Provisos and Supp_LD_M&O
A13: •Supp_Centrally Funded Initiatives aggregates from tabs Supp_CFI_Fixed Costs, Supp_CFI_Salary & Benefits, and Supp_CFI_PRF
A15: • Units within tables are displayed by Level 05 of the Cost Center Hierarchy
A16: • Table columns displaying increments/change in allocation amounts are shaded light gray
A19: Supplement Overview
... A38: For assistance or questions, please utilize the UW Connect Finance –> Adaptive Support Request

Sheet Total
D2: 4 | F2: 6 | H2: 8 | J2: 10 | L2: 12 | N2: 14
B3: FY2025 Core Funds Allocation Table:Total
B4: =Tuition!B4 -> 45331
B5: Cost Center Level 05 Name | C5: Cost Center Level 05 Code | D5: FY2024 Base | E5: FY2025 Increment | F5: FY2025 Base | G5: FY2026 Increment | H5: FY2026 Base | I5: FY2027 Increment | J5: FY2027 Base | K5: FY2028 Increment | L5: FY2028 Base | M5: FY2029 Increment | N5: FY2029 Base
D6: A | E6: B | F6: C = A + B | G6: D | H6: E = C + D | I6: F | J6: G = E + F | K6: H | L6: I = G + H | M6: J | N6: K = I + J
B7: Seattle Academic Units | D7: 8.8936712e+08 | E7: 11911211 | F7: 9.0127833e+08 | G7: -2822476 | H7: 8.9845585e+08 | I7: 12820349 | J7: 9.112762e+08 | K7: 13857929 | L7: 9.2513413e+08 | M7: 11854829 | N7: 9.3698896e+08
B8: College of Arts and Sciences | C8: CCH100036 | D8: 249680977 | E8: 4151967 | F8: 253832944 | G8: 4311644 | H8: 258144588 | I8: 6416479 | J8: 264561067 | K8: 6955994 | L8: 271517061 | M8: 6805511 | N8: 278322572
B9: College of Built Environments | C9: CCH100039 | D9: 18568606 | E9: 350567 | F9: 18919173 | G9: 134262 | H9: 19053435 | I9: 340242 | J9: 19393677 | K9: 350343 | L9: 19744020 | M9: 361020 | N9: 20105040
B10: College of Education | C10: CCH100042 | D10: 23699145 | E10: -567722 | F10: 23131423 | G10: -20162 | H10: 23111261 | I10: 39503 | J10: 23150764 | K10: 286839 | L10: 23437603 | M10: 397260 | N10: 23834863
B11: College of Engineering | C11: CCH100058 | D11: 140110535 | E11: 4241969 | F11: 144352504 | G11: -794552 | H11: 143557952 | I11: 1652999 | J11: 145210951 | K11: 1937144 | L11: 147148095 | M11: -82084 | N11: 147066011
B12: College of the Environment | C12: CCH100043 | D12: 57539774 | E12: -112134 | F12: 57427640 | G12: -437415 | H12: 56990225 | I12: 373041 | J12: 57363266 | K12: 693246 | L12: 58056512 | M12: 713933 | N12: 58770445
B13: Evans School of Public Policy and Governance | C13: CCH100019 | D13: 7410442 | E13: -1411045 | F13: 5999397 | G13: 18975 | H13: 6018372 | I13: 19754 | J13: 6038126 | K13: 18923 | L13: 6057049 | M13: 17840 | N13: 6074889
B14: Foster School of Business | C14: CCH100023 | D14: 40207184 | E14: 786426 | F14: 40993610 | G14: 778948 | H14: 41772558 | I14: 777317 | J14: 42549875 | K14: 826382 | L14: 43376257 | M14: 851173 | N14: 44227430
B15: Information School | C15: CCH100028 | D15: 14621566 | E15: -48924 | F15: 14572642 | G15: 342890 | H15: 14915532 | I15: 353153 | J15: 15268685 | K15: 363936 | L15: 15632621 | M15: 374878 | N15: 16007499
B16: School of Dentistry | C16: CCH100033 | D16: 22697179 | E16: 79530 | F16: 22776709 | G16: 236509 | H16: 23013218 | I16: 237761 | J16: 23250979 | K16: 228802 | L16: 23479781 | M16: 221734 | N16: 23701515
B17: School of Law | C17: CCH100017 | D17: 19025786 | E17: 826287 | F17: 19852073 | G17: -96493 | H17: 19755580 | I17: 3603 | J17: 19759183 | K17: -6653 | L17: 19752530 | M17: 3445 | N17: 19755975
B18: School of Medicine | C18: CCH100050 | D18: 2.0593967e+08 | E18: 3516411 | F18: 2.0945608e+08 | G18: -6249196 | H18: 2.0320688e+08 | I18: 1116593 | J18: 2.0432347e+08 | K18: 1121751 | L18: 2.0544522e+08 | M18: 1140600 | N18: 2.0658582e+08
B19: School of Nursing | C19: CCH100031 | D19: 15989584 | E19: -472464 | F19: 15517120 | G19: -17068 | H19: 15500052 | I19: 135615 | J19: 15635667 | K19: 139844 | L19: 15775511 | M19: 144190 | N19: 15919701
... B22: School of Social Work | C22: CCH100046 | D22: 13574661 | E22: 615192 | F22: 14189853 | G22: -262598 | H22: 13927255 | I22: 703753 | J22: 14631008 | K22: 362144 | L22: 14993152 | M22: 54778 | N22: 15047930
B23: Seattle Administrative Units | D23: 5.430817e+08 | E23: -11013626 | F23: 5.3206807e+08 | G23: -1053957 | H23: 5.3101411e+08 | I23: -2273354 | J23: 5.2874076e+08 | K23: 288743 | L23: 5.290295e+08 | M23: -5205449 | N23: 5.2382405e+08
B24: Institutional Infrastructure | D24: 3.9879704e+08 | E24: -9509430 | F24: 3.8928761e+08 | G24: -1564463 | H24: 3.8772315e+08 | I24: -2532170 | J24: 3.8519098e+08 | K24: 23285 | L24: 3.8521427e+08 | M24: -5366689 | N24: 3.7984758e+08
B25: Advancement | C25: CCH100034 | D25: 21223611 | E25: -1343155 | F25: 19880456 | G25: 0 | H25: 19880456 | I25: 0 | J25: 19880456 | K25: 0 | L25: 19880456 | M25: 0 | N25: 19880456
B26: Attorney General | C26: CCH100026 | D26: 6149692 | E26: 0 | F26: 6149692 | G26: 0 | H26: 6149692 | I26: 0 | J26: 6149692 | K26: 0 | L26: 6149692 | M26: 0 | N26: 6149692
B27: Campus Community Safety | C27: CCH104556 | D27: 12537451 | E27: -85437 | F27: 12452014 | G27: 0 | H27: 12452014 | I27: -66888 | J27: 12385126 | K27: 0 | L27: 12385126 | M27: 0 | N27: 12385126
B28: Executive Office | C28: CCH100020 | D28: 77176001 | E28: -68763 | F28: 77107238 | G28: -66463 | H28: 77040775 | I28: -347080 | J28: 76693695 | K28: 3285 | L28: 76696980 | M28: -266689 | N28: 76430291
B29: External Affairs | C29: CCH100022 | D29: 4203906 | E29: -394963 | F29: 3808943 | G29: 2000 | H29: 3810943 | I29: 3000 | J29: 3813943 | K29: 20000 | L29: 3833943 | M29: 0 | N29: 3833943
B30: Facilities | C30: CCH100049 | D30: 161787912 | E30: -7672427 | F30: 154115485 | G30: -1500000 | H30: 152615485 | I30: 0 | J30: 152615485 | K30: 0 | L30: 152615485 | M30: -5100000 | N30: 147515485
B31: Finance | C31: CCH100047 | D31: 29366144 | E31: -49228 | F31: 29316916 | G31: 0 | H31: 29316916 | I31: 0 | J31: 29316916 | K31: 0 | L31: 29316916 | M31: 0 | N31: 29316916
B32: Human Resources | C32: CCH100044 | D32: 17665822 | E32: 80969 | F32: 17746791 | G32: 0 | H32: 17746791 | I32: 0 | J32: 17746791 | K32: 0 | L32: 17746791 | M32: 0 | N32: 17746791
B33: UW Information Technology | C33: CCH100040 | D33: 68686505 | E33: 23574 | F33: 68710079 | G33: 0 | H33: 68710079 | I33: -2121202 | J33: 66588877 | K33: 0 | L33: 66588877 | M33: 0 | N33: 66588877
B34: Instructional & Student Support | D34: 55122854 | E34: -2012171 | F34: 53110683 | G34: 503057 | H34: 53613740 | I34: 200792 | J34: 53814532 | K34: 206855 | L34: 54021387 | M34: 102051 | N34: 54123438
B35: Continuum College | C35: CCH100030 | D35: 1943512 | E35: 1418 | F35: 1944930 | G35: -225000 | H35: 1719930 | I35: 0 | J35: 1719930 | K35: 0 | L35: 1719930 | M35: 0 | N35: 1719930
B36: Global Affairs | C36: CCH100027 | D36: 1652646 | E36: -81776 | F36: 1570870 | G36: 0 | H36: 1570870 | I36: 0 | J36: 1570870 | K36: 0 | L36: 1570870 | M36: 0 | N36: 1570870
B37: Graduate School | C37: CCH100041 | D37: 14785338 | E37: 23630 | F37: 14808968 | G37: 77994 | H37: 14886962 | I37: 80265 | J37: 14967227 | K37: 82760 | L37: 15049987 | M37: 85284 | N37: 15135271
B38: Intercollegiate Athletics | C38: CCH100029 | D38: 2833000 | E38: -1767000 | F38: 1066000 | G38: 533000 | H38: 1599000 | I38: 0 | J38: 1599000 | K38: 0 | L38: 1599000 | M38: 0 | N38: 1599000
B39: Minority Affairs | C39: CCH100032 | D39: 10996135 | E39: 49326 | F39: 11045461 | G39: 1937 | H39: 11047398 | I39: 1957 | J39: 11049355 | K39: 1977 | L39: 11051332 | M39: 1996 | N39: 11053328
B40: Student Life | C40: CCH100038 | D40: 12471363 | E40: -418668 | F40: 12052695 | G40: 15 | H40: 12052710 | I40: 14 | J40: 12052724 | K40: 15 | L40: 12052739 | M40: 15 | N40: 12052754
B41: Undergraduate Academic Affairs | C41: CCH100021 | D41: 10440860 | E41: 180899 | F41: 10621759 | G41: 115111 | H41: 10736870 | I41: 118556 | J41: 10855426 | K41: 122103 | L41: 10977529 | M41: 14756 | N41: 10992285
B42: Research and Innovation | D42: 89161800 | E42: 507975 | F42: 89669775 | G42: 7449 | H42: 89677224 | I42: 58024 | J42: 89735248 | K42: 58603 | L42: 89793851 | M42: 59189 | N42: 89853040
B43: CoMotion | C43: CCH100018 | D43: 4045741 | E43: 26686 | F43: 4072427 | G43: 181 | H43: 4072608 | I43: 183 | J43: 4072791 | K43: 184 | L43: 4072975 | M43: 186 | N43: 4073161
B44: Libraries | C44: CCH100016 | D44: 45465132 | E44: 18544 | F44: 45483676 | G44: -48960 | H44: 45434716 | I44: 1051 | J44: 45435767 | K44: 1061 | L44: 45436828 | M44: 1072 | N44: 45437900
B45: Vice Provost of Research | C45: CCH100025 | D45: 39650927 | E45: 462745 | F45: 40113672 | G45: 56228 | H45: 40169900 | I45: 56790 | J45: 40226690 | K45: 57358 | L45: 40284048 | M45: 57931 | N45: 40341979
B46: Seattle Total | D46: 1.4324488e+09 | E46: 897585 | F46: 1.4333464e+09 | G46: -3876433 | H46: 1.42947e+09 | I46: 10546995 | J46: 1.440017e+09 | K46: 14146672 | L46: 1.4541636e+09 | M46: 6649380 | N46: 1.460813e+09
B47: Bothell | C47: CCH100024 | D47: 86180951 | E47: 1802482 | F47: 87983433 | G47: 1349685.9 | H47: 89333119 | I47: 1596010.7 | J47: 90929130 | K47: 1643721.4 | L47: 92572851 | M47: 1692860.8 | N47: 94265712
B48: Tacoma | C48: CCH100037 | D48: 80145061 | E48: 1946396 | F48: 82091457 | G48: 605574.7 | H48: 82697032 | I48: 1343034.2 | J48: 84040066 | K48: 1383161.5 | L48: 85423227 | M48: 1424488.7 | N48: 86847716
B49: Bothell and Tacoma Total | D49: 166326012 | E49: 3748877.9 | F49: 1.7007489e+08 | G49: 1955260.6 | H49: 1.7203015e+08 | I49: 2939044.9 | J49: 1.749692e+08 | K49: 3026882.9 | L49: 1.7799608e+08 | M49: 3117349.5 | N49: 1.8111343e+08
B50: Grand Total | D50: 1.5987748e+09 | E50: 4646462.9 | F50: 1.6034213e+09 | G50: -1921172.4 | H50: 1.6015001e+09 | I50: 13486040 | J50: 1.6149862e+09 | K50: 17173555 | L50: 1.6321597e+09 | M50: 9766729.5 | N50: 1.6419264e+09
B53: Footnotes by column

Sheet Beginning Balance
E2: 3 | G2: =E2+1 -> 4 | I2: =G2+1 -> 5
B3: FY2025 Core Funds Allocation Table: Beginning Balance
B4: =Tuition!B4 -> 45331
B5: Cost Center Level 05 Name | C5: Balancing Unit | D5: Cost Center Level 05 Code | E5: FY2024 Beginning Base | F5: FY2024 Tuition Base | G5: FY2024 Summer Quarter Base | H5: FY2024 ICR Base | I5: FY2024 Misc. Fee Base | J5: FY2024 Revised Supplement Base -> FY2025 Beginning Base
E6: A | F6: B | G6: C | H6: D | I6: E | J6: F = A-B-C-D-E
B7: Seattle Academic Units | E7: 8.8936712e+08 | F7: 467648431 | G7: 8508705.1 | H7: 109306444 | I7: 78274.2 | J7: 303825264
B8: College of Arts and Sciences | C8: BU134 | D8: CCH100036 | E8: 249680977 | F8: 211685421 | G8: 0 | H8: 9462086 | I8: 0 | J8: 28533470
B9: College of Built Environments | C9: BU139 | D9: CCH100039 | E9: 18568606 | F9: 15201087 | G9: 0 | H9: 126088 | I9: 0 | J9: 3241431
B10: College of Education | C10: BU136 | D10: CCH100042 | E10: 23699145 | F10: 14894909 | G10: 0 | H10: 1143202 | I10: 0 | J10: 7661034
B11: College of Engineering | C11: BU132 | D11: CCH100058 | E11: 140110535 | F11: 58029773 | G11: 0 | H11: 11995061 | I11: 0 | J11: 70085701
B12: College of the Environment | C12: BU133 | D12: CCH100043 | E12: 57539774 | F12: 23496460 | G12: 0 | H12: 6814129 | I12: 0 | J12: 27229185
B13: Evans School of Public Policy and Governance | C13: BU137 | D13: CCH100019 | E13: 7410442 | F13: 5024463 | G13: 0 | H13: 312439 | I13: 0 | J13: 2073540
B14: Foster School of Business | C14: BU140 | D14: CCH100023 | E14: 40207184 | F14: 30010326 | G14: 0 | H14: 9477 | I14: 0 | J14: 10187381
B15: Information School | C15: BU138 | D15: CCH100028 | E15: 14621566 | F15: 11395530 | G15: 0 | H15: 496445 | I15: 0 | J15: 2729591
B16: School of Dentistry | C16: BU127 | D16: CCH100033 | E16: 22697179 | F16: 8082576 | G16: 1497199.9 | H16: 587842 | I16: 0 | J16: 12529561
B17: School of Law | C17: BU141 | D17: CCH100017 | E17: 19025786 | F17: 14147229 | G17: 0 | H17: 2583 | I17: 55181.7 | J17: 4820792
B18: School of Medicine | C18: BU131 | D18: CCH100050 | E18: 2.0593967e+08 | F18: 34644409 | G18: 6702021.4 | H18: 65194694 | I18: 23092.5 | J18: 99375449
B19: School of Nursing | C19: BU129 | D19: CCH100031 | E19: 15989584 | F19: 5710396 | G19: 0 | H19: 927052 | I19: 0 | J19: 9352136
... B22: School of Social Work | C22: BU135 | D22: CCH100046 | E22: 13574661 | F22: 6337808 | G22: 0 | H22: 911826 | I22: 0 | J22: 6325027
B23: Seattle Administrative Units | E23: 5.430817e+08 | F23: 6337464 | G23: 0 | H23: 6283279 | I23: 7362150.8 | J23: 523098804
B24: Institutional Infrastructure | E24: 3.9879704e+08 | F24: 0 | G24: 0 | H24: 318765 | I24: 4176242.5 | J24: 394302036
B25: Advancement | C25: BU109 | D25: CCH100034 | E25: 21223611 | F25: 0 | G25: 0 | H25: 0 | I25: 0 | J25: 21223611
B26: Attorney General | C26: BU113 | D26: CCH100026 | E26: 6149692 | F26: 0 | G26: 0 | H26: 0 | I26: 0 | J26: 6149692
B27: Campus Community Safety | C27: BU166 | D27: CCH104556 | E27: 12537451 | F27: 0 | G27: 0 | H27: 0 | I27: 0 | J27: 12537451
B28: Executive Office | C28: BU105 | D28: CCH100020 | E28: 77176001 | F28: 0 | G28: 0 | H28: 318765 | I28: 3704903.8 | J28: 73152332
B29: External Affairs | C29: BU114 | D29: CCH100022 | E29: 4203906 | F29: 0 | G29: 0 | H29: 0 | I29: 0 | J29: 4203906
B30: Facilities | C30: BU111 | D30: CCH100049 | E30: 161787912 | F30: 0 | G30: 0 | H30: 0 | I30: 0 | J30: 161787912
B31: Finance | C31: BU106 | D31: CCH100047 | E31: 29366144 | F31: 0 | G31: 0 | H31: 0 | I31: 471338.7 | J31: 28894805
B32: Human Resources | C32: BU108 | D32: CCH100044 | E32: 17665822 | F32: 0 | G32: 0 | H32: 0 | I32: 0 | J32: 17665822
B33: UW Information Technology | C33: BU110 | D33: CCH100040 | E33: 68686505 | F33: 0 | G33: 0 | H33: 0 | I33: 0 | J33: 68686505
B34: Instructional & Student Support | E34: 55122854 | F34: 6337464 | G34: 0 | H34: 276508 | I34: 3187130.2 | J34: 45321752
B35: Continuum College | C35: BU121 | D35: CCH100030 | E35: 1943512 | F35: 0 | G35: 0 | H35: 0 | I35: 0 | J35: 1943512
B36: Global Affairs | C36: BU142 | D36: CCH100027 | E36: 1652646 | F36: 0 | G36: 0 | H36: 0 | I36: 0 | J36: 1652646
B37: Graduate School | C37: BU122 | D37: CCH100041 | E37: 14785338 | F37: 2657876 | G37: 0 | H37: 36275 | I37: 2225141 | J37: 9866046
B38: Intercollegiate Athletics | C38: BU104 | D38: CCH100029 | E38: 2833000 | F38: 0 | G38: 0 | H38: 0 | I38: 0 | J38: 2833000
B39: Minority Affairs | C39: BU119 | D39: CCH100032 | E39: 10996135 | F39: 0 | G39: 0 | H39: 191835 | I39: 0 | J39: 10804300
B40: Student Life | C40: BU115 | D40: CCH100038 | E40: 12471363 | F40: 0 | G40: 0 | H40: 1425 | I40: 961989.21 | J40: 11507949
B41: Undergraduate Academic Affairs | C41: BU118 | D41: CCH100021 | E41: 10440860 | F41: 3679588 | G41: 0 | H41: 46973 | I41: 0 | J41: 6714299
B42: Research and Innovation | E42: 89161800 | F42: 0 | G42: 0 | H42: 5688006 | I42: -1221.9 | J42: 83475016
B43: CoMotion | C43: BU124 | D43: CCH100018 | E43: 4045741 | F43: 0 | G43: 0 | H43: 17910 | I43: 0 | J43: 4027831
B44: Libraries | C44: BU125 | D44: CCH100016 | E44: 45465132 | F44: 0 | G44: 0 | H44: 103000 | I44: -1221.9 | J44: 45363354
B45: Vice Provost of Research | C45: BU123 | D45: CCH100025 | E45: 39650927 | F45: 0 | G45: 0 | H45: 5567096 | I45: 0 | J45: 34083831
B46: Seattle Total | E46: 1.4324488e+09 | F46: 473985895 | G46: 8508705.1 | H46: 115589723 | I46: 7440425 | J46: 826924068
B47: Bothell** | C47: BU102 | D47: CCH100024 | E47: 86180951 | F47: 53481979 | G47: 0 | H47: 829695 | I47: 0 | J47: 31869277
B48: Tacoma** | C48: BU103 | D48: CCH100037 | E48: 80145061 | F48: 43579391 | G48: 0 | H48: 807099 | I48: 0 | J48: 35758571
B49: Bothell and Tacoma Total | E49: 166326012 | F49: 97061370 | G49: 0 | H49: 1636794 | I49: 0 | J49: 67627848
B50: Grand Total | E50: 1.5987748e+09 | F50: 571047265 | G50: 8508705.1 | H50: 117226517 | I50: 7440425 | J50: 894551916
B53: Footnotes by column

Sheet Tuition
E2: 3 | G2: =E2+1 -> 4 | I2: =G2+1 -> 5 | K2: =I2+1 -> 6 | M2: =K2+1 -> 7 | O2: =M2+1 -> 8
B3: FY2025 Core Funds Allocation Table: Tuition
B4: 45331
B5: Cost Center Level 05 Name | C5: Balancing Unit | D5: Cost Center Level 05 Code | E5: FY2024 Base | F5: FY2025 Increment | G5: FY2025 Base | H5: FY2026 Increment | I5: FY2026 Base | J5: FY2027 Increment | K5: FY2027 Base | L5: FY2028 Increment | M5: FY2028 Base | N5: FY2029 Increment | O5: FY2029 Base
E6: FY2024 Core Funds Table April Release | F6: Calculated Field | G6: FY2025 Tuition Sub-Folder: Adaptive Tuition Revenue Projections FY25-29 | H6: Calculated Field | I6: FY2025 Tuition Sub-Folder: Adaptive Tuition Revenue Projections FY25-29 | J6: Calculated Field | K6: FY2025 Tuition Sub-Folder: Adaptive Tuition Revenue Projections FY25-29 | L6: Calculated Field | M6: FY2025 Tuition Sub-Folder: Adaptive Tuition Revenue Projections FY25-29 | N6: Calculated Field | O6: FY2025 Tuition Sub-Folder: Adaptive Tuition Revenue Projections FY25-29
E7: A | F7: B | G7: C = A + B | H7: D | I7: E = C + D | J7: F | K7: G = E + F | L7: H | M7: I = G + H | N7: J | O7: K = I + J
B8: Seattle Academic Units | E8: 467648431 | F8: 9841816 | G8: 477490247 | H8: 12339353 | I8: 489829600 | J8: 12598331 | K8: 502427931 | L8: 12751742 | M8: 515179673 | N8: 12893189 | O8: 528072862
B9: College of Arts and Sciences | C9: BU134 | D9: CCH100036 | E9: 211685421 | F9: 4559114 | G9: 216244535 | H9: 6462901 | I9: 222707436 | J9: 6657974 | K9: 229365410 | L9: 6858506 | M9: 236223916 | N9: 7064168 | O9: 243288084
B10: College of Built Environments | C10: BU139 | D10: CCH100039 | E10: 15201087 | F10: 346879 | G10: 15547966 | H10: 328988 | I10: 15876954 | J10: 338956 | K10: 16215910 | L10: 349044 | M10: 16564954 | N10: 359707 | O10: 16924661
B11: College of Education | C11: BU136 | D11: CCH100042 | E11: 14894909 | F11: -96367 | G11: 14798542 | H11: -31709 | I11: 14766833 | J11: 27842 | K11: 14794675 | L11: 275060 | M11: 15069735 | N11: 385364 | O11: 15455099
B12: College of Engineering | C12: BU132 | D12: CCH100058 | E12: 58029773 | F12: 1754308 | G12: 59784081 | H12: 1709298 | I12: 61493379 | J12: 1760637 | K12: 63254016 | L12: 1813559 | M12: 65067575 | N12: 1868094 | O12: 66935669
B13: College of the Environment | C13: BU133 | D13: CCH100043 | E13: 23496460 | F13: 192863 | G13: 23689323 | H13: 584762 | I13: 24274085 | J13: 603530 | K13: 24877615 | L13: 623040 | M13: 25500655 | N13: 643025 | O13: 26143680
B14: Evans School of Public Policy and Governance | C14: BU137 | D14: CCH100019 | E14: 5024463 | F14: -1161532 | G14: 3862931 | H14: 15820 | I14: 3878751 | J14: 16566 | K14: 3895317 | L14: 15704 | M14: 3911021 | N14: 14589 | O14: 3925610
B15: Foster School of Business | C15: BU140 | D15: CCH100023 | E15: 30010326 | F15: 866641 | G15: 30876967 | H15: 778852 | I15: 31655819 | J15: 802220 | K15: 32458039 | L15: 826285 | M15: 33284324 | N15: 851074 | O15: 34135398
B16: Information School | C16: BU138 | D16: CCH100028 | E16: 11395530 | F16: -55710 | G16: 11339820 | H16: 337876 | I16: 11677696 | J16: 348088 | K16: 12025784 | L16: 358822 | M16: 12384606 | N16: 369712 | O16: 12754318
B17: School of Dentistry | C17: BU127 | D17: CCH100033 | E17: 8082576 | F17: 455128 | G17: 8537704 | H17: 230572 | I17: 8768276 | J17: 231764 | K17: 9000040 | L17: 232746 | M17: 9232786 | N17: 215617 | O17: 9448403
B18: School of Law | C18: BU141 | D18: CCH100017 | E18: 14147229 | F18: 824103 | G18: 14971332 | H18: 3481 | I18: 14974813 | J18: 3577 | K18: 14978390 | L18: 3320 | M18: 14981710 | N18: 3418 | O18: 14985128
B19: School of Medicine | C19: BU131 | D19: CCH100050 | E19: 34644409 | F19: 1191308 | G19: 35835717 | H19: 484338 | I19: 36320055 | J19: 451542 | K19: 36771597 | L19: 450049 | M19: 37221646 | N19: 462182 | O19: 37683828
B20: School of Nursing | C20: BU129 | D20: CCH100031 | E20: 5710396 | F20: 358035 | G20: 6068431 | H20: 123569 | I20: 6192000 | J20: 126158 | K20: 6318158 | L20: 130292 | M20: 6448450 | N20: 134543 | O20: 6582993
... B23: School of Social Work | C23: BU135 | D23: CCH100046 | E23: 6337808 | F23: 786419 | G23: 7124227 | H23: 693192 | I23: 7817419 | J23: 694452 | K23: 8511871 | L23: 352749 | M23: 8864620 | N23: 45289 | O23: 8909909
B24: Seattle Administrative Units | E24: 6337464 | F24: 129790 | G24: 6467254 | H24: 192265 | I24: 6659519 | J24: 197971 | K24: 6857490 | L24: 204005 | M24: 7061495 | N24: 210173 | O24: 7271668
B25: Institutional Infrastructure | E25: 0 | F25: 0 | G25: 0 | H25: 0 | I25: 0 | J25: 0 | K25: 0 | L25: 0 | M25: 0 | N25: 0 | O25: 0
B26: Advancement | C26: BU109 | D26: CCH100034 | E26: 0 | F26: 0 | G26: 0 | H26: 0 | I26: 0 | J26: 0 | K26: 0 | L26: 0 | M26: 0 | N26: 0 | O26: 0
B27: Attorney General | C27: BU113 | D27: CCH100026 | E27: 0 | F27: 0 | G27: 0 | H27: 0 | I27: 0 | J27: 0 | K27: 0 | L27: 0 | M27: 0 | N27: 0 | O27: 0
B28: Campus Community Safety | C28: BU166 | D28: CCH104556 | E28: 0 | F28: 0 | G28: 0 | H28: 0 | I28: 0 | J28: 0 | K28: 0 | L28: 0 | M28: 0 | N28: 0 | O28: 0
B29: Executive Office | C29: BU105 | D29: CCH100020 | E29: 0 | F29: 0 | G29: 0 | H29: 0 | I29: 0 | J29: 0 | K29: 0 | L29: 0 | M29: 0 | N29: 0 | O29: 0
B30: External Affairs | C30: BU114 | D30: CCH100022 | E30: 0 | F30: 0 | G30: 0 | H30: 0 | I30: 0 | J30: 0 | K30: 0 | L30: 0 | M30: 0 | N30: 0 | O30: 0
B31: Facilities | C31: BU111 | D31: CCH100049 | E31: 0 | F31: 0 | G31: 0 | H31: 0 | I31: 0 | J31: 0 | K31: 0 | L31: 0 | M31: 0 | N31: 0 | O31: 0
B32: Finance | C32: BU106 | D32: CCH100047 | E32: 0 | F32: 0 | G32: 0 | H32: 0 | I32: 0 | J32: 0 | K32: 0 | L32: 0 | M32: 0 | N32: 0 | O32: 0
B33: Human Resources | C33: BU108 | D33: CCH100044 | E33: 0 | F33: 0 | G33: 0 | H33: 0 | I33: 0 | J33: 0 | K33: 0 | L33: 0 | M33: 0 | N33: 0 | O33: 0
B34: UW Information Technology | C34: BU110 | D34: CCH100040 | E34: 0 | F34: 0 | G34: 0 | H34: 0 | I34: 0 | J34: 0 | K34: 0 | L34: 0 | M34: 0 | N34: 0 | O34: 0
B35: Instructional & Student Support | E35: 6337464 | F35: 129790 | G35: 6467254 | H35: 192265 | I35: 6659519 | J35: 197971 | K35: 6857490 | L35: 204005 | M35: 7061495 | N35: 210173 | O35: 7271668
B36: Continuum College | C36: BU121 | D36: CCH100030 | E36: 0 | F36: 0 | G36: 0 | H36: 0 | I36: 0 | J36: 0 | K36: 0 | L36: 0 | M36: 0 | N36: 0 | O36: 0
B37: Global Affairs | C37: BU142 | D37: CCH100027 | E37: 0 | F37: 0 | G37: 0 | H37: 0 | I37: 0 | J37: 0 | K37: 0 | L37: 0 | M37: 0 | N37: 0 | O37: 0
B38: Graduate School | C38: BU122 | D38: CCH100041 | E38: 2657876 | F38: -11856 | G38: 2646020 | H38: 77628 | I38: 2723648 | J38: 79895 | K38: 2803543 | L38: 82386 | M38: 2885929 | N38: 84906 | O38: 2970835
B39: Intercollegiate Athletics | C39: BU104 | D39: CCH100029 | E39: 0 | F39: 0 | G39: 0 | H39: 0 | I39: 0 | J39: 0 | K39: 0 | L39: 0 | M39: 0 | N39: 0 | O39: 0
B40: Minority Affairs | C40: BU119 | D40: CCH100032 | E40: 0 | F40: 0 | G40: 0 | H40: 0 | I40: 0 | J40: 0 | K40: 0 | L40: 0 | M40: 0 | N40: 0 | O40: 0
B41: Student Life | C41: BU115 | D41: CCH100038 | E41: 0 | F41: 0 | G41: 0 | H41: 0 | I41: 0 | J41: 0 | K41: 0 | L41: 0 | M41: 0 | N41: 0 | O41: 0
B42: Undergraduate Academic Affairs | C42: BU118 | D42: CCH100021 | E42: 3679588 | F42: 141646 | G42: 3821234 | H42: 114637 | I42: 3935871 | J42: 118076 | K42: 4053947 | L42: 121619 | M42: 4175566 | N42: 125267 | O42: 4300833
B43: Research and Innovation | E43: 0 | F43: 0 | G43: 0 | H43: 0 | I43: 0 | J43: 0 | K43: 0 | L43: 0 | M43: 0 | N43: 0 | O43: 0
B44: CoMotion | C44: BU124 | D44: CCH100018 | E44: 0 | F44: 0 | G44: 0 | H44: 0 | I44: 0 | J44: 0 | K44: 0 | L44: 0 | M44: 0 | N44: 0 | O44: 0
B45: Libraries | C45: BU125 | D45: CCH100016 | E45: 0 | F45: 0 | G45: 0 | H45: 0 | I45: 0 | J45: 0 | K45: 0 | L45: 0 | M45: 0 | N45: 0 | O45: 0
B46: Vice Provost of Research | C46: BU123 | D46: CCH100025 | E46: 0 | F46: 0 | G46: 0 | H46: 0 | I46: 0 | J46: 0 | K46: 0 | L46: 0 | M46: 0 | N46: 0 | O46: 0
B47: Seattle Total | E47: 473985895 | F47: 9971606 | G47: 483957501 | H47: 12531618 | I47: 496489119 | J47: 12796302 | K47: 509285421 | L47: 12955747 | M47: 522241168 | N47: 13103362 | O47: 535344530
B48: Bothell | C48: BU102 | D48: CCH100024 | E48: 53481979 | F48: 444797 | G48: 53926776 | H48: 1541306 | I48: 55468082 | J48: 1587547 | K48: 57055629 | L48: 1635173 | M48: 58690802 | N48: 1684227 | O48: 60375029
B49: Tacoma | C49: BU103 | D49: CCH100037 | E49: 43579391 | F49: 995325 | G49: 44574716 | H49: 1295923 | I49: 45870639 | J49: 1334801 | K49: 47205440 | L49: 1374846 | M49: 48580286 | N49: 1416090 | O49: 49996376
B50: Bothell and Tacoma Total | E50: 97061370 | F50: 1440122 | G50: 98501492 | H50: 2837229 | I50: 101338721 | J50: 2922348 | K50: 104261069 | L50: 3010019 | M50: 107271088 | N50: 3100317 | O50: 110371405
B51: Grand Total | E51: 571047265 | F51: 11411728 | G51: 582458993 | H51: 15368847 | I51: 597827840 | J51: 15718650 | K51: 613546490 | L51: 15965766 | M51: 629512256 | N51: 16203679 | O51: 645715935

Sheet Summer Quarter
E2: 3 | G2: =E2+1 -> 4 | I2: =G2+1 -> 5 | K2: =I2+1 -> 6 | M2: =K2+1 -> 7 | O2: =M2+1 -> 8
B3: FY2025 Core Funds Allocation Table: Summer Quarter
B4: =Tuition!B4 -> 45331
B5: Cost Center Level 05 Name | C5: Balancing Unit | D5: Cost Center Level 05 Code | E5: FY2024 Base | F5: FY2025 Increment | G5: FY2025 Base | H5: FY2026 Increment | I5: FY2026 Base | J5: FY2027 Increment | K5: FY2027 Base | L5: FY2028 Increment | M5: FY2028 Base | N5: FY2029 Increment | O5: FY2029 Base
E6: FY2024 Core Funds Table April Release | F6: Calculated Field | G6: Assumption: No Change | H6: Calculated Field | I6: Assumption: No Change | J6: Calculated Field | K6: Assumption: No Change | L6: Calculated Field | M6: Assumption: No Change | N6: Calculated Field | O6: Assumption: No Change
E7: A | F7: B | G7: C = A + B | H7: D | I7: E = C + D | J7: F | K7: G = E + F | L7: H | M7: I = G + H | N7: J | O7: K = I + J
B8: Seattle Academic Units | E8: 8508705.1 | F8: 0 | G8: 8508705.1 | H8: 0 | I8: 8508705.1 | J8: 0 | K8: 8508705.1 | L8: 0 | M8: 8508705.1 | N8: 0 | O8: 8508705.1
B9: College of Arts and Sciences | C9: BU134 | D9: CCH100036 | E9: 0 | F9: 0 | G9: 0 | H9: 0 | I9: 0 | J9: 0 | K9: 0 | L9: 0 | M9: 0 | N9: 0 | O9: 0
B10: College of Built Environments | C10: BU139 | D10: CCH100039 | E10: 0 | F10: 0 | G10: 0 | H10: 0 | I10: 0 | J10: 0 | K10: 0 | L10: 0 | M10: 0 | N10: 0 | O10: 0
B11: College of Education | C11: BU136 | D11: CCH100042 | E11: 0 | F11: 0 | G11: 0 | H11: 0 | I11: 0 | J11: 0 | K11: 0 | L11: 0 | M11: 0 | N11: 0 | O11: 0
B12: College of Engineering | C12: BU132 | D12: CCH100058 | E12: 0 | F12: 0 | G12: 0 | H12: 0 | I12: 0 | J12: 0 | K12: 0 | L12: 0 | M12: 0 | N12: 0 | O12: 0
B13: College of the Environment | C13: BU133 | D13: CCH100043 | E13: 0 | F13: 0 | G13: 0 | H13: 0 | I13: 0 | J13: 0 | K13: 0 | L13: 0 | M13: 0 | N13: 0 | O13: 0
B14: Evans School of Public Policy and Governance | C14: BU137 | D14: CCH100019 | E14: 0 | F14: 0 | G14: 0 | H14: 0 | I14: 0 | J14: 0 | K14: 0 | L14: 0 | M14: 0 | N14: 0 | O14: 0
B15: Foster School of Business | C15: BU140 | D15: CCH100023 | E15: 0 | F15: 0 | G15: 0 | H15: 0 | I15: 0 | J15: 0 | K15: 0 | L15: 0 | M15: 0 | N15: 0 | O15: 0
B16: Information School | C16: BU138 | D16: CCH100028 | E16: 0 | F16: 0 | G16: 0 | H16: 0 | I16: 0 | J16: 0 | K16: 0 | L16: 0 | M16: 0 | N16: 0 | O16: 0
B17: School of Dentistry | C17: BU127 | D17: CCH100033 | E17: 1497199.9 | F17: 0 | G17: 1497199.9 | H17: 0 | I17: 1497199.9 | J17: 0 | K17: 1497199.9 | L17: 0 | M17: 1497199.9 | N17: 0 | O17: 1497199.9
B18: School of Law | C18: BU141 | D18: CCH100017 | E18: 0 | F18: 0 | G18: 0 | H18: 0 | I18: 0 | J18: 0 | K18: 0 | L18: 0 | M18: 0 | N18: 0 | O18: 0
B19: School of Medicine | C19: BU131 | D19: CCH100050 | E19: 6702021.4 | F19: 0 | G19: 6702021.4 | H19: 0 | I19: 6702021.4 | J19: 0 | K19: 6702021.4 | L19: 0 | M19: 6702021.4 | N19: 0 | O19: 6702021.4
B20: School of Nursing | C20: BU129 | D20: CCH100031 | E20: 0 | F20: 0 | G20: 0 | H20: 0 | I20: 0 | J20: 0 | K20: 0 | L20: 0 | M20: 0 | N20: 0 | O20: 0
... B23: School of Social Work | C23: BU135 | D23: CCH100046 | E23: 0 | F23: 0 | G23: 0 | H23: 0 | I23: 0 | J23: 0 | K23: 0 | L23: 0 | M23: 0 | N23: 0 | O23: 0
B24: Seattle Administrative Units | E24: 0 | F24: 0 | G24: 0 | H24: 0 | I24: 0 | J24: 0 | K24: 0 | L24: 0 | M24: 0 | N24: 0 | O24: 0
B25: Institutional Infrastructure | E25: 0 | F25: 0 | G25: 0 | H25: 0 | I25: 0 | J25: 0 | K25: 0 | L25: 0 | M25: 0 | N25: 0 | O25: 0
B26: Advancement | C26: BU109 | D26: CCH100034 | E26: 0 | F26: 0 | G26: 0 | H26: 0 | I26: 0 | J26: 0 | K26: 0 | L26: 0 | M26: 0 | N26: 0 | O26: 0
B27: Attorney General | C27: BU113 | D27: CCH100026 | E27: 0 | F27: 0 | G27: 0 | H27: 0 | I27: 0 | J27: 0 | K27: 0 | L27: 0 | M27: 0 | N27: 0 | O27: 0
B28: Campus Community Safety | C28: BU166 | D28: CCH104556 | E28: 0 | F28: 0 | G28: 0 | H28: 0 | I28: 0 | J28: 0 | K28: 0 | L28: 0 | M28: 0 | N28: 0 | O28: 0
B29: Executive Office | C29: BU105 | D29: CCH100020 | E29: 0 | F29: 0 | G29: 0 | H29: 0 | I29: 0 | J29: 0 | K29: 0 | L29: 0 | M29: 0 | N29: 0 | O29: 0
B30: External Affairs | C30: BU114 | D30: CCH100022 | E30: 0 | F30: 0 | G30: 0 | H30: 0 | I30: 0 | J30: 0 | K30: 0 | L30: 0 | M30: 0 | N30: 0 | O30: 0
B31: Facilities | C31: BU111 | D31: CCH100049 | E31: 0 | F31: 0 | G31: 0 | H31: 0 | I31: 0 | J31: 0 | K31: 0 | L31: 0 | M31: 0 | N31: 0 | O31: 0
B32: Finance | C32: BU106 | D32: CCH100047 | E32: 0 | F32: 0 | G32: 0 | H32: 0 | I32: 0 | J32: 0 | K32: 0 | L32: 0 | M32: 0 | N32: 0 | O32: 0
B33: Human Resources | C33: BU108 | D33: CCH100044 | E33: 0 | F33: 0 | G33: 0 | H33: 0 | I33: 0 | J33: 0 | K33: 0 | L33: 0 | M33: 0 | N33: 0 | O33: 0
B34: UW Information Technology | C34: BU110 | D34: CCH100040 | E34: 0 | F34: 0 | G34: 0 | H34: 0 | I34: 0 | J34: 0 | K34: 0 | L34: 0 | M34: 0 | N34: 0 | O34: 0
B35: Instructional & Student Support | E35: 0 | F35: 0 | G35: 0 | H35: 0 | I35: 0 | J35: 0 | K35: 0 | L35: 0 | M35: 0 | N35: 0 | O35: 0
B36: Continuum College | C36: BU121 | D36: CCH100030 | E36: 0 | F36: 0 | G36: 0 | H36: 0 | I36: 0 | J36: 0 | K36: 0 | L36: 0 | M36: 0 | N36: 0 | O36: 0
B37: Global Affairs | C37: BU142 | D37: CCH100027 | E37: 0 | F37: 0 | G37: 0 | H37: 0 | I37: 0 | J37: 0 | K37: 0 | L37: 0 | M37: 0 | N37: 0 | O37: 0
B38: Graduate School | C38: BU122 | D38: CCH100041 | E38: 0 | F38: 0 | G38: 0 | H38: 0 | I38: 0 | J38: 0 | K38: 0 | L38: 0 | M38: 0 | N38: 0 | O38: 0
B39: Intercollegiate Athletics | C39: BU104 | D39: CCH100029 | E39: 0 | F39: 0 | G39: 0 | H39: 0 | I39: 0 | J39: 0 | K39: 0 | L39: 0 | M39: 0 | N39: 0 | O39: 0
B40: Minority Affairs | C40: BU119 | D40: CCH100032 | E40: 0 | F40: 0 | G40: 0 | H40: 0 | I40: 0 | J40: 0 | K40: 0 | L40: 0 | M40: 0 | N40: 0 | O40: 0
B41: Student Life | C41: BU115 | D41: CCH100038 | E41: 0 | F41: 0 | G41: 0 | H41: 0 | I41: 0 | J41: 0 | K41: 0 | L41: 0 | M41: 0 | N41: 0 | O41: 0
B42: Undergraduate Academic Affairs | C42: BU118 | D42: CCH100021 | E42: 0 | F42: 0 | G42: 0 | H42: 0 | I42: 0 | J42: 0 | K42: 0 | L42: 0 | M42: 0 | N42: 0 | O42: 0
B43: Research and Innovation | E43: 0 | F43: 0 | G43: 0 | H43: 0 | I43: 0 | J43: 0 | K43: 0 | L43: 0 | M43: 0 | N43: 0 | O43: 0
B44: CoMotion | C44: BU124 | D44: CCH100018 | E44: 0 | F44: 0 | G44: 0 | H44: 0 | I44: 0 | J44: 0 | K44: 0 | L44: 0 | M44: 0 | N44: 0 | O44: 0
B45: Libraries | C45: BU125 | D45: CCH100016 | E45: 0 | F45: 0 | G45: 0 | H45: 0 | I45: 0 | J45: 0 | K45: 0 | L45: 0 | M45: 0 | N45: 0 | O45: 0
B46: Vice Provost of Research | C46: BU123 | D46: CCH100025 | E46: 0 | F46: 0 | G46: 0 | H46: 0 | I46: 0 | J46: 0 | K46: 0 | L46: 0 | M46: 0 | N46: 0 | O46: 0
B47: Seattle Total | E47: 8508705.1 | F47: 0 | G47: 8508705.1 | H47: 0 | I47: 8508705.1 | J47: 0 | K47: 8508705.1 | L47: 0 | M47: 8508705.1 | N47: 0 | O47: 8508705.1
B48: Bothell | C48: BU102 | D48: CCH100024 | E48: 0 | F48: 0 | G48: 0 | H48: 0 | I48: 0 | J48: 0 | K48: 0 | L48: 0 | M48: 0 | N48: 0 | O48: 0
B49: Tacoma | C49: BU103 | D49: CCH100037 | E49: 0 | F49: 0 | G49: 0 | H49: 0 | I49: 0 | J49: 0 | K49: 0 | L49: 0 | M49: 0 | N49: 0 | O49: 0
B50: Bothell and Tacoma Total | E50: 0 | F50: 0 | G50: 0 | H50: 0 | I50: 0 | J50: 0 | K50: 0 | L50: 0 | M50: 0 | N50: 0 | O50: 0
B51: Grand Total | E51: 8508705.1 | F51: 0 | G51: 8508705.1 | H51: 0 | I51: 8508705.1 | J51: 0 | K51: 8508705.1 | L51: 0 | M51: 8508705.1 | N51: 0 | O51: 8508705.1
B54: Footnotes by column

Sheet Indirect Cost Recovery
E2: 4 | G2: 6 | I2: 8 | K2: 10 | M2: 12 | O2: 14
B3: FY2025 Core Funds Allocation Table: Indirect Cost Recovery
B4: =Tuition!B4 -> 45331
B5: Cost Center Level 05 Name | C5: Balancing Unit | D5: Cost Center Level 05 Code | E5: FY2024 Base | F5: FY2025 Increment | G5: FY2025 Base | H5: FY2026 Increment | I5: FY2026 Base | J5: FY2027 Increment | K5: FY2027 Base | L5: FY2028 Increment | M5: FY2028 Base | N5: FY2029 Increment | O5: FY2029 Base
E6: FY2024 Core Funds Table April Release | F6: Calculated Field | G6: FY2025 ICR Sub-Folder: FY2025 ABB ICR Projections | H6: Calculated Field | I6: FY2025 ICR Sub-Folder: FY2025 ABB ICR Projections | J6: Calculated Field | K6: FY2025 ICR Sub-Folder: FY2025 ABB ICR Projections | L6: Calculated Field | M6: FY2025 ICR Sub-Folder: FY2025 ABB ICR Projections | N6: Calculated Field | O6: FY2025 ICR Sub-Folder: FY2025 ABB ICR Projections
E7: A | F7: B | G7: C = A + B | H7: D | I7: E = C + D | J7: F | K7: G = E + F | L7: H | M7: I = G + H | N7: J | O7: K = I + J
B8: Seattle Academic Units | E8: 109306444 | F8: 1093062 | G8: 110399506 | H8: 1103995 | I8: 111503501 | J8: 1115036 | K8: 112618537 | L8: 1126186 | M8: 113744723 | N8: 1137449 | O8: 114882172
B9: College of Arts and Sciences | C9: BU134 | D9: CCH100036 | E9: 9462086 | F9: 94621 | G9: 9556707 | H9: 95567 | I9: 9652274 | J9: 96523 | K9: 9748797 | L9: 97488 | M9: 9846285 | N9: 98463 | O9: 9944748
B10: College of Built Environments | C10: BU139 | D10: CCH100039 | E10: 126088 | F10: 1261 | G10: 127349 | H10: 1274 | I10: 128623 | J10: 1286 | K10: 129909 | L10: 1299 | M10: 131208 | N10: 1313 | O10: 132521
B11: College of Education | C11: BU136 | D11: CCH100042 | E11: 1143202 | F11: 11432 | G11: 1154634 | H11: 11547 | I11: 1166181 | J11: 11661 | K11: 1177842 | L11: 11779 | M11: 1189621 | N11: 11896 | O11: 1201517
B12: College of Engineering | C12: BU132 | D12: CCH100058 | E12: 11995061 | F12: 119950 | G12: 12115011 | H12: 121150 | I12: 12236161 | J12: 122362 | K12: 12358523 | L12: 123585 | M12: 12482108 | N12: 124822 | O12: 12606930
B13: College of the Environment | C13: BU133 | D13: CCH100043 | E13: 6814129 | F13: 68141 | G13: 6882270 | H13: 68823 | I13: 6951093 | J13: 69511 | K13: 7020604 | L13: 70206 | M13: 7090810 | N13: 70908 | O13: 7161718
B14: Evans School of Public Policy and Governance | C14: BU137 | D14: CCH100019 | E14: 312439 | F14: 3125 | G14: 315564 | H14: 3155 | I14: 318719 | J14: 3188 | K14: 321907 | L14: 3219 | M14: 325126 | N14: 3251 | O14: 328377
B15: Foster School of Business | C15: BU140 | D15: CCH100023 | E15: 9477 | F15: 94 | G15: 9571 | H15: 96 | I15: 9667 | J15: 97 | K15: 9764 | L15: 97 | M15: 9861 | N15: 99 | O15: 9960
B16: Information School | C16: BU138 | D16: CCH100028 | E16: 496445 | F16: 4964 | G16: 501409 | H16: 5014 | I16: 506423 | J16: 5065 | K16: 511488 | L16: 5114 | M16: 516602 | N16: 5166 | O16: 521768
B17: School of Dentistry | C17: BU127 | D17: CCH100033 | E17: 587842 | F17: 5878 | G17: 593720 | H17: 5937 | I17: 599657 | J17: 5997 | K17: 605654 | L17: 6056 | M17: 611710 | N17: 6117 | O17: 617827
B18: School of Law | C18: BU141 | D18: CCH100017 | E18: 2583 | F18: 26 | G18: 2609 | H18: 26 | I18: 2635 | J18: 26 | K18: 2661 | L18: 27 | M18: 2688 | N18: 27 | O18: 2715
B19: School of Medicine | C19: BU131 | D19: CCH100050 | E19: 65194694 | F19: 651947 | G19: 65846641 | H19: 658466 | I19: 66505107 | J19: 665051 | K19: 67170158 | L19: 671702 | M19: 67841860 | N19: 678418 | O19: 68520278
B20: School of Nursing | C20: BU129 | D20: CCH100031 | E20: 927052 | F20: 9270 | G20: 936322 | H20: 9363 | I20: 945685 | J20: 9457 | K20: 955142 | L20: 9552 | M20: 964694 | N20: 9647 | O20: 974341
... B23: School of Social Work | C23: BU135 | D23: CCH100046 | E23: 911826 | F23: 9118 | G23: 920944 | H23: 9210 | I23: 930154 | J23: 9301 | K23: 939455 | L23: 9395 | M23: 948850 | N23: 9489 | O23: 958339
B24: Seattle Administrative Units | E24: 6283279 | F24: 62833 | G24: 6346112 | H24: 63460 | I24: 6409572 | J24: 64097 | K24: 6473669 | L24: 64738 | M24: 6538407 | N24: 65384 | O24: 6603791
B25: Institutional Infrastructure | E25: 318765 | F25: 3188 | G25: 321953 | H25: 3219 | I25: 325172 | J25: 3252 | K25: 328424 | L25: 3285 | M25: 331709 | N25: 3317 | O25: 335026
B26: Advancement | C26: BU109 | D26: CCH100034 | E26: 0 | F26: 0 | G26: 0 | H26: 0 | I26: 0 | J26: 0 | K26: 0 | L26: 0 | M26: 0 | N26: 0 | O26: 0
B27: Attorney General | C27: BU113 | D27: CCH100026 | E27: 0 | F27: 0 | G27: 0 | H27: 0 | I27: 0 | J27: 0 | K27: 0 | L27: 0 | M27: 0 | N27: 0 | O27: 0
B28: Campus Community Safety | C28: BU166 | D28: CCH104556 | E28: 0 | F28: 0 | G28: 0 | H28: 0 | I28: 0 | J28: 0 | K28: 0 | L28: 0 | M28: 0 | N28: 0 | O28: 0
B29: Executive Office | C29: BU105 | D29: CCH100020 | E29: 318765 | F29: 3188 | G29: 321953 | H29: 3219 | I29: 325172 | J29: 3252 | K29: 328424 | L29: 3285 | M29: 331709 | N29: 3317 | O29: 335026
B30: External Affairs | C30: BU114 | D30: CCH100022 | E30: 0 | F30: 0 | G30: 0 | H30: 0 | I30: 0 | J30: 0 | K30: 0 | L30: 0 | M30: 0 | N30: 0 | O30: 0
B31: Facilities | C31: BU111 | D31: CCH100049 | E31: 0 | F31: 0 | G31: 0 | H31: 0 | I31: 0 | J31: 0 | K31: 0 | L31: 0 | M31: 0 | N31: 0 | O31: 0
B32: Finance | C32: BU106 | D32: CCH100047 | E32: 0 | F32: 0 | G32: 0 | H32: 0 | I32: 0 | J32: 0 | K32: 0 | L32: 0 | M32: 0 | N32: 0 | O32: 0
B33: Human Resources | C33: BU108 | D33: CCH100044 | E33: 0 | F33: 0 | G33: 0 | H33: 0 | I33: 0 | J33: 0 | K33: 0 | L33: 0 | M33: 0 | N33: 0 | O33: 0
B34: UW Information Technology | C34: BU110 | D34: CCH100040 | E34: 0 | F34: 0 | G34: 0 | H34: 0 | I34: 0 | J34: 0 | K34: 0 | L34: 0 | M34: 0 | N34: 0 | O34: 0
B35: Instructional & Student Support | E35: 276508 | F35: 2765 | G35: 279273 | H35: 2792 | I35: 282065 | J35: 2821 | K35: 284886 | L35: 2850 | M35: 287736 | N35: 2878 | O35: 290614
B36: Continuum College | C36: BU121 | D36: CCH100030 | E36: 0 | F36: 0 | G36: 0 | H36: 0 | I36: 0 | J36: 0 | K36: 0 | L36: 0 | M36: 0 | N36: 0 | O36: 0
B37: Global Affairs | C37: BU142 | D37: CCH100027 | E37: 0 | F37: 0 | G37: 0 | H37: 0 | I37: 0 | J37: 0 | K37: 0 | L37: 0 | M37: 0 | N37: 0 | O37: 0
B38: Graduate School | C38: BU122 | D38: CCH100041 | E38: 36275 | F38: 363 | G38: 36638 | H38: 366 | I38: 37004 | J38: 370 | K38: 37374 | L38: 374 | M38: 37748 | N38: 378 | O38: 38126
B39: Intercollegiate Athletics | C39: BU104 | D39: CCH100029 | E39: 0 | F39: 0 | G39: 0 | H39: 0 | I39: 0 | J39: 0 | K39: 0 | L39: 0 | M39: 0 | N39: 0 | O39: 0
B40: Minority Affairs | C40: BU119 | D40: CCH100032 | E40: 191835 | F40: 1919 | G40: 193754 | H40: 1937 | I40: 195691 | J40: 1957 | K40: 197648 | L40: 1977 | M40: 199625 | N40: 1996 | O40: 201621
B41: Student Life | C41: BU115 | D41: CCH100038 | E41: 1425 | F41: 14 | G41: 1439 | H41: 15 | I41: 1454 | J41: 14 | K41: 1468 | L41: 15 | M41: 1483 | N41: 15 | O41: 1498
B42: Undergraduate Academic Affairs | C42: BU118 | D42: CCH100021 | E42: 46973 | F42: 469 | G42: 47442 | H42: 474 | I42: 47916 | J42: 480 | K42: 48396 | L42: 484 | M42: 48880 | N42: 489 | O42: 49369
B43: Research and Innovation | E43: 5688006 | F43: 56880 | G43: 5744886 | H43: 57449 | I43: 5802335 | J43: 58024 | K43: 5860359 | L43: 58603 | M43: 5918962 | N43: 59189 | O43: 5978151
B44: CoMotion | C44: BU124 | D44: CCH100018 | E44: 17910 | F44: 179 | G44: 18089 | H44: 181 | I44: 18270 | J44: 183 | K44: 18453 | L44: 184 | M44: 18637 | N44: 186 | O44: 18823
B45: Libraries | C45: BU125 | D45: CCH100016 | E45: 103000 | F45: 1030 | G45: 104030 | H45: 1040 | I45: 105070 | J45: 1051 | K45: 106121 | L45: 1061 | M45: 107182 | N45: 1072 | O45: 108254
B46: Vice Provost of Research | C46: BU123 | D46: CCH100025 | E46: 5567096 | F46: 55671 | G46: 5622767 | H46: 56228 | I46: 5678995 | J46: 56790 | K46: 5735785 | L46: 57358 | M46: 5793143 | N46: 57931 | O46: 5851074
B47: Seattle Total | E47: 115589723 | F47: 1155895 | G47: 116745618 | H47: 1167455 | I47: 117913073 | J47: 1179133 | K47: 119092206 | L47: 1190924 | M47: 120283130 | N47: 1202833 | O47: 121485963
B48: Bothell | C48: BU102 | D48: CCH100024 | E48: 829695 | F48: 8296.95 | G48: 837991.95 | H48: 8379.9195 | I48: 846371.87 | J48: 8463.7187 | K48: 854835.59 | L48: 8548.3559 | M48: 863383.94 | N48: 8633.8394 | O48: 872017.78
B49: Tacoma | C49: BU103 | D49: CCH100037 | E49: 807099 | F49: 8070.99 | G49: 815169.99 | H49: 8151.6999 | I49: 823321.69 | J49: 8233.2169 | K49: 831554.91 | L49: 8315.5491 | M49: 839870.46 | N49: 8398.7046 | O49: 848269.16
B50: Bothell and Tacoma Total | E50: 1636794 | F50: 16367.94 | G50: 1653161.9 | H50: 16531.619 | I50: 1669693.6 | J50: 16696.936 | K50: 1686390.5 | L50: 16863.905 | M50: 1703254.4 | N50: 17032.544 | O50: 1720286.9
B51: Grand Total | E51: 117226517 | F51: 1172262.9 | G51: 1.1839878e+08 | H51: 1183986.6 | I51: 1.1958277e+08 | J51: 1195829.9 | K51: 1.207786e+08 | L51: 1207787.9 | M51: 1.2198638e+08 | N51: 1219865.5 | O51: 1.2320625e+08
B54: Footnotes by column

Sheet Miscellaneous Fee
E2: 3 | G2: =E2+1 -> 4 | I2: =G2+1 -> 5 | K2: =I2+1 -> 6 | M2: =K2+1 -> 7 | O2: =M2+1 -> 8
B3: FY2025 Core Funds Allocation Table: Miscellaneous Fee
B4: =Tuition!B4 -> 45331
B5: Cost Center Level 05 Name | C5: Balancing Unit | D5: Cost Center Level 05 Code | E5: FY2024 Base | F5: FY2025 Increment | G5: FY2025 Base | H5: FY2026 Increment | I5: FY2026 Base | J5: FY2027 Increment | K5: FY2027 Base | L5: FY2028 Increment | M5: FY2028 Base | N5: FY2029 Increment | O5: FY2029 Base
E6: FY2024 Core Funds Table April Release | F6: Calculated Field | G6: Assumption: No Change | H6: Calculated Field | I6: Assumption: No Change | J6: Calculated Field | K6: Assumption: No Change | L6: Calculated Field | M6: Assumption: No Change | N6: Calculated Field | O6: Assumption: No Change
E7: A | F7: B | G7: C = A + B | H7: D | I7: E = C + D | J7: F | K7: G = E + F | L7: H | M7: I = G + H | N7: J | O7: K = I + J
B8: Seattle Academic Units | E8: 78274.2 | F8: 0 | G8: 78274.2 | H8: 0 | I8: 78274.2 | J8: 0 | K8: 78274.2 | L8: 0 | M8: 78274.2 | N8: 0 | O8: 78274.2
B9: College of Arts and Sciences | C9: BU134 | D9: CCH100036 | E9: 0 | F9: 0 | G9: 0 | H9: 0 | I9: 0 | J9: 0 | K9: 0 | L9: 0 | M9: 0 | N9: 0 | O9: 0
B10: College of Built Environments | C10: BU139 | D10: CCH100039 | E10: 0 | F10: 0 | G10: 0 | H10: 0 | I10: 0 | J10: 0 | K10: 0 | L10: 0 | M10: 0 | N10: 0 | O10: 0
B11: College of Education | C11: BU136 | D11: CCH100042 | E11: 0 | F11: 0 | G11: 0 | H11: 0 | I11: 0 | J11: 0 | K11: 0 | L11: 0 | M11: 0 | N11: 0 | O11: 0
B12: College of Engineering | C12: BU132 | D12: CCH100058 | E12: 0 | F12: 0 | G12: 0 | H12: 0 | I12: 0 | J12: 0 | K12: 0 | L12: 0 | M12: 0 | N12: 0 | O12: 0
B13: College of the Environment | C13: BU133 | D13: CCH100043 | E13: 0 | F13: 0 | G13: 0 | H13: 0 | I13: 0 | J13: 0 | K13: 0 | L13: 0 | M13: 0 | N13: 0 | O13: 0
B14: Evans School of Public Policy and Governance | C14: BU137 | D14: CCH100019 | E14: 0 | F14: 0 | G14: 0 | H14: 0 | I14: 0 | J14: 0 | K14: 0 | L14: 0 | M14: 0 | N14: 0 | O14: 0
B15: Foster School of Business | C15: BU140 | D15: CCH100023 | E15: 0 | F15: 0 | G15: 0 | H15: 0 | I15: 0 | J15: 0 | K15: 0 | L15: 0 | M15: 0 | N15: 0 | O15: 0
B16: Information School | C16: BU138 | D16: CCH100028 | E16: 0 | F16: 0 | G16: 0 | H16: 0 | I16: 0 | J16: 0 | K16: 0 | L16: 0 | M16: 0 | N16: 0 | O16: 0
B17: School of Dentistry | C17: BU127 | D17: CCH100033 | E17: 0 | F17: 0 | G17: 0 | H17: 0 | I17: 0 | J17: 0 | K17: 0 | L17: 0 | M17: 0 | N17: 0 | O17: 0
B18: School of Law | C18: BU141 | D18: CCH100017 | E18: 55181.7 | F18: 0 | G18: 55181.7 | H18: 0 | I18: 55181.7 | J18: 0 | K18: 55181.7 | L18: 0 | M18: 55181.7 | N18: 0 | O18: 55181.7
B19: School of Medicine | C19: BU131 | D19: CCH100050 | E19: 23092.5 | F19: 0 | G19: 23092.5 | H19: 0 | I19: 23092.5 | J19: 0 | K19: 23092.5 | L19: 0 | M19: 23092.5 | N19: 0 | O19: 23092.5
B20: School of Nursing | C20: BU129 | D20: CCH100031 | E20: 0 | F20: 0 | G20: 0 | H20: 0 | I20: 0 | J20: 0 | K20: 0 | L20: 0 | M20: 0 | N20: 0 | O20: 0
... B23: School of Social Work | C23: BU135 | D23: CCH100046 | E23: 0 | F23: 0 | G23: 0 | H23: 0 | I23: 0 | J23: 0 | K23: 0 | L23: 0 | M23: 0 | N23: 0 | O23: 0
B24: Seattle Administrative Units | E24: 7362150.8 | F24: 0 | G24: 7362150.8 | H24: 0 | I24: 7362150.8 | J24: 0 | K24: 7362150.8 | L24: 0 | M24: 7362150.8 | N24: 0 | O24: 7362150.8
B25: Institutional Infrastructure | E25: 4176242.5 | F25: 0 | G25: 4176242.5 | H25: 0 | I25: 4176242.5 | J25: 0 | K25: 4176242.5 | L25: 0 | M25: 4176242.5 | N25: 0 | O25: 4176242.5
B26: Advancement | C26: BU109 | D26: CCH100034 | E26: 0 | F26: 0 | G26: 0 | H26: 0 | I26: 0 | J26: 0 | K26: 0 | L26: 0 | M26: 0 | N26: 0 | O26: 0
B27: Attorney General | C27: BU113 | D27: CCH100026 | E27: 0 | F27: 0 | G27: 0 | H27: 0 | I27: 0 | J27: 0 | K27: 0 | L27: 0 | M27: 0 | N27: 0 | O27: 0
B28: Campus Community Safety | C28: BU166 | D28: CCH104556 | E28: 0 | F28: 0 | G28: 0 | H28: 0 | I28: 0 | J28: 0 | K28: 0 | L28: 0 | M28: 0 | N28: 0 | O28: 0
B29: Executive Office | C29: BU105 | D29: CCH100020 | E29: 3704903.8 | F29: 0 | G29: 3704903.8 | H29: 0 | I29: 3704903.8 | J29: 0 | K29: 3704903.8 | L29: 0 | M29: 3704903.8 | N29: 0 | O29: 3704903.8
B30: External Affairs | C30: BU114 | D30: CCH100022 | E30: 0 | F30: 0 | G30: 0 | H30: 0 | I30: 0 | J30: 0 | K30: 0 | L30: 0 | M30: 0 | N30: 0 | O30: 0
B31: Facilities | C31: BU111 | D31: CCH100049 | E31: 0 | F31: 0 | G31: 0 | H31: 0 | I31: 0 | J31: 0 | K31: 0 | L31: 0 | M31: 0 | N31: 0 | O31: 0
B32: Finance | C32: BU106 | D32: CCH100047 | E32: 471338.7 | F32: 0 | G32: 471338.7 | H32: 0 | I32: 471338.7 | J32: 0 | K32: 471338.7 | L32: 0 | M32: 471338.7 | N32: 0 | O32: 471338.7
B33: Human Resources | C33: BU108 | D33: CCH100044 | E33: 0 | F33: 0 | G33: 0 | H33: 0 | I33: 0 | J33: 0 | K33: 0 | L33: 0 | M33: 0 | N33: 0 | O33: 0
B34: UW Information Technology | C34: BU110 | D34: CCH100040 | E34: 0 | F34: 0 | G34: 0 | H34: 0 | I34: 0 | J34: 0 | K34: 0 | L34: 0 | M34: 0 | N34: 0 | O34: 0
B35: Instructional & Student Support | E35: 3187130.2 | F35: 0 | G35: 3187130.2 | H35: 0 | I35: 3187130.2 | J35: 0 | K35: 3187130.2 | L35: 0 | M35: 3187130.2 | N35: 0 | O35: 3187130.2
B36: Continuum College | C36: BU121 | D36: CCH100030 | E36: 0 | F36: 0 | G36: 0 | H36: 0 | I36: 0 | J36: 0 | K36: 0 | L36: 0 | M36: 0 | N36: 0 | O36: 0
B37: Global Affairs | C37: BU142 | D37: CCH100027 | E37: 0 | F37: 0 | G37: 0 | H37: 0 | I37: 0 | J37: 0 | K37: 0 | L37: 0 | M37: 0 | N37: 0 | O37: 0
B38: Graduate School | C38: BU122 | D38: CCH100041 | E38: 2225141 | F38: 0 | G38: 2225141 | H38: 0 | I38: 2225141 | J38: 0 | K38: 2225141 | L38: 0 | M38: 2225141 | N38: 0 | O38: 2225141
B39: Intercollegiate Athletics | C39: BU104 | D39: CCH100029 | E39: 0 | F39: 0 | G39: 0 | H39: 0 | I39: 0 | J39: 0 | K39: 0 | L39: 0 | M39: 0 | N39: 0 | O39: 0
B40: Minority Affairs | C40: BU119 | D40: CCH100032 | E40: 0 | F40: 0 | G40: 0 | H40: 0 | I40: 0 | J40: 0 | K40: 0 | L40: 0 | M40: 0 | N40: 0 | O40: 0
B41: Student Life | C41: BU115 | D41: CCH100038 | E41: 961989.21 | F41: 0 | G41: 961989.21 | H41: 0 | I41: 961989.21 | J41: 0 | K41: 961989.21 | L41: 0 | M41: 961989.21 | N41: 0 | O41: 961989.21
B42: Undergraduate Academic Affairs | C42: BU118 | D42: CCH100021 | E42: 0 | F42: 0 | G42: 0 | H42: 0 | I42: 0 | J42: 0 | K42: 0 | L42: 0 | M42: 0 | N42: 0 | O42: 0
B43: Research and Innovation | E43: -1221.9 | F43: 0 | G43: -1221.9 | H43: 0 | I43: -1221.9 | J43: 0 | K43: -1221.9 | L43: 0 | M43: -1221.9 | N43: 0 | O43: -1221.9
B44: CoMotion | C44: BU124 | D44: CCH100018 | E44: 0 | F44: 0 | G44: 0 | H44: 0 | I44: 0 | J44: 0 | K44: 0 | L44: 0 | M44: 0 | N44: 0 | O44: 0
B45: Libraries | C45: BU125 | D45: CCH100016 | E45: -1221.9 | F45: 0 | G45: -1221.9 | H45: 0 | I45: -1221.9 | J45: 0 | K45: -1221.9 | L45: 0 | M45: -1221.9 | N45: 0 | O45: -1221.9
B46: Vice Provost of Research | C46: BU123 | D46: CCH100025 | E46: 0 | F46: 0 | G46: 0 | H46: 0 | I46: 0 | J46: 0 | K46: 0 | L46: 0 | M46: 0 | N46: 0 | O46: 0
B47: Seattle Total | E47: 7440425 | F47: 0 | G47: 7440425 | H47: 0 | I47: 7440425 | J47: 0 | K47: 7440425 | L47: 0 | M47: 7440425 | N47: 0 | O47: 7440425
B48: Bothell | C48: BU102 | D48: CCH100024 | E48: 0 | F48: 0 | G48: 0 | H48: 0 | I48: 0 | J48: 0 | K48: 0 | L48: 0 | M48: 0 | N48: 0 | O48: 0
B49: Tacoma | C49: BU103 | D49: CCH100037 | E49: 0 | F49: 0 | G49: 0 | H49: 0 | I49: 0 | J49: 0 | K49: 0 | L49: 0 | M49: 0 | N49: 0 | O49: 0
B50: Bothell and Tacoma Total | E50: 0 | F50: 0 | G50: 0 | H50: 0 | I50: 0 | J50: 0 | K50: 0 | L50: 0 | M50: 0 | N50: 0 | O50: 0
B51: Grand Total | E51: 7440425 | F51: 0 | G51: 7440425 | H51: 0 | I51: 7440425 | J51: 0 | K51: 7440425 | L51: 0 | M51: 7440425 | N51: 0 | O51: 7440425
B54: Footnotes by column

Sheet Supplement
B3: FY2025 Core Funds Allocation Table: Supplement
B4: =Tuition!B4 -> 45331
B5: Cost Center Level 05 Name | C5: Balancing Unit | D5: Cost Center Level 05 Code | E5: FY2024 Total Base | F5: FY2025 Increment | G5: FY2025 Total Base | H5: FY2026 Increment | I5: FY2026 Total Base | J5: FY2027 Increment | K5: FY2027 Total Base | L5: FY2028 Increment | M5: FY2028 Total Base | N5: FY2029 Increment | O5: FY2029 Total Base
B8: Seattle Academic Units | E8: 303825264 | F8: 976333 | G8: 304801597 | H8: -16265824 | I8: 288535773 | J8: -893018 | K8: 287642755 | L8: -19999 | M8: 287622756 | N8: -2175809 | O8: 285446947
B9: College of Arts and Sciences | C9: BU134 | D9: CCH100036 | E9: 28533470 | F9: -501768 | G9: 28031702 | H9: -2246824 | I9: 25784878 | J9: -338018 | K9: 25446860 | L9: 0 | M9: 25446860 | N9: -357120 | O9: 25089740
B10: College of Built Environments | C10: BU139 | D10: CCH100039 | E10: 3241431 | F10: 2427 | G10: 3243858 | H10: -196000 | I10: 3047858 | J10: 0 | K10: 3047858 | L10: 0 | M10: 3047858 | N10: 0 | O10: 3047858
B11: College of Education | C11: BU136 | D11: CCH100042 | E11: 7661034 | F11: -482787 | G11: 7178247 | H11: 0 | I11: 7178247 | J11: 0 | K11: 7178247 | L11: 0 | M11: 7178247 | N11: 0 | O11: 7178247
B12: College of Engineering | C12: BU132 | D12: CCH100058 | E12: 70085701 | F12: 2367711 | G12: 72453412 | H12: -2625000 | I12: 69828412 | J12: -230000 | K12: 69598412 | L12: 0 | M12: 69598412 | N12: -2075000 | O12: 67523412
B13: College of the Environment | C13: BU133 | D13: CCH100043 | E13: 27229185 | F13: -373138 | G13: 26856047 | H13: -1091000 | I13: 25765047 | J13: -300000 | K13: 25465047 | L13: 0 | M13: 25465047 | N13: 0 | O13: 25465047
B14: Evans School of Public Policy and Governance | C14: BU137 | D14: CCH100019 | E14: 2073540 | F14: -252638 | G14: 1820902 | H14: 0 | I14: 1820902 | J14: 0 | K14: 1820902 | L14: 0 | M14: 1820902 | N14: 0 | O14: 1820902
B15: Foster School of Business | C15: BU140 | D15: CCH100023 | E15: 10187381 | F15: -80309 | G15: 10107072 | H15: 0 | I15: 10107072 | J15: -25000 | K15: 10082072 | L15: 0 | M15: 10082072 | N15: 0 | O15: 10082072
B16: Information School | C16: BU138 | D16: CCH100028 | E16: 2729591 | F16: 1822 | G16: 2731413 | H16: 0 | I16: 2731413 | J16: 0 | K16: 2731413 | L16: 0 | M16: 2731413 | N16: 0 | O16: 2731413
B17: School of Dentistry | C17: BU127 | D17: CCH100033 | E17: 12529561 | F17: -381476 | G17: 12148085 | H17: 0 | I17: 12148085 | J17: 0 | K17: 12148085 | L17: -10000 | M17: 12138085 | N17: 0 | O17: 12138085
B18: School of Law | C18: BU141 | D18: CCH100017 | E18: 4820792 | F18: 2158 | G18: 4822950 | H18: -100000 | I18: 4722950 | J18: 0 | K18: 4722950 | L18: -10000 | M18: 4712950 | N18: 0 | O18: 4712950
B19: School of Medicine | C19: BU131 | D19: CCH100050 | E19: 99375449 | F19: 1673156 | G19: 101048605 | H19: -7392000 | I19: 93656605 | J19: 0 | K19: 93656605 | L19: 0 | M19: 93656605 | N19: 0 | O19: 93656605
B20: School of Nursing | C20: BU129 | D20: CCH100031 | E20: 9352136 | F20: -839769 | G20: 8512367 | H20: -150000 | I20: 8362367 | J20: 0 | K20: 8362367 | L20: 0 | M20: 8362367 | N20: 0 | O20: 8362367
... B23: School of Social Work | C23: BU135 | D23: CCH100046 | E23: 6325027 | F23: -180345 | G23: 6144682 | H23: -965000 | I23: 5179682 | J23: 0 | K23: 5179682 | L23: 0 | M23: 5179682 | N23: 0 | O23: 5179682
B24: Seattle Administrative Units | E24: 523098804 | F24: -11206249 | G24: 511892555 | H24: -1309682 | I24: 510582873 | J24: -2535422 | K24: 508047451 | L24: 20000 | M24: 508067451 | N24: -5481006 | O24: 502586445
B25: Institutional Infrastructure | E25: 394302036 | F25: -9512618 | G25: 384789418 | H25: -1567682 | I25: 383221736 | J25: -2535422 | K25: 380686314 | L25: 20000 | M25: 380706314 | N25: -5370006 | O25: 375336308
B26: Advancement | C26: BU109 | D26: CCH100034 | E26: 21223611 | F26: -1343155 | G26: 19880456 | H26: 0 | I26: 19880456 | J26: 0 | K26: 19880456 | L26: 0 | M26: 19880456 | N26: 0 | O26: 19880456
B27: Attorney General | C27: BU113 | D27: CCH100026 | E27: 6149692 | F27: 0 | G27: 6149692 | H27: 0 | I27: 6149692 | J27: 0 | K27: 6149692 | L27: 0 | M27: 6149692 | N27: 0 | O27: 6149692
B28: Campus Community Safety | C28: BU166 | D28: CCH104556 | E28: 12537451 | F28: -85437 | G28: 12452014 | H28: 0 | I28: 12452014 | J28: -66888 | K28: 12385126 | L28: 0 | M28: 12385126 | N28: 0 | O28: 12385126
B29: Executive Office | C29: BU105 | D29: CCH100020 | E29: 73152332 | F29: -71951 | G29: 73080381 | H29: -69682 | I29: 73010699 | J29: -350332 | K29: 72660367 | L29: 0 | M29: 72660367 | N29: -270006 | O29: 72390361
B30: External Affairs | C30: BU114 | D30: CCH100022 | E30: 4203906 | F30: -394963 | G30: 3808943 | H30: 2000 | I30: 3810943 | J30: 3000 | K30: 3813943 | L30: 20000 | M30: 3833943 | N30: 0 | O30: 3833943
B31: Facilities | C31: BU111 | D31: CCH100049 | E31: 161787912 | F31: -7672427 | G31: 154115485 | H31: -1500000 | I31: 152615485 | J31: 0 | K31: 152615485 | L31: 0 | M31: 152615485 | N31: -5100000 | O31: 147515485
B32: Finance | C32: BU106 | D32: CCH100047 | E32: 28894805 | F32: -49228 | G32: 28845577 | H32: 0 | I32: 28845577 | J32: 0 | K32: 28845577 | L32: 0 | M32: 28845577 | N32: 0 | O32: 28845577
B33: Human Resources | C33: BU108 | D33: CCH100044 | E33: 17665822 | F33: 80969 | G33: 17746791 | H33: 0 | I33: 17746791 | J33: 0 | K33: 17746791 | L33: 0 | M33: 17746791 | N33: 0 | O33: 17746791
B34: UW Information Technology | C34: BU110 | D34: CCH100040 | E34: 68686505 | F34: 23574 | G34: 68710079 | H34: 0 | I34: 68710079 | J34: -2121202 | K34: 66588877 | L34: 0 | M34: 66588877 | N34: 0 | O34: 66588877
B35: Instructional & Student Support | E35: 45321752 | F35: -2144726 | G35: 43177026 | H35: 308000 | I35: 43485026 | J35: 0 | K35: 43485026 | L35: 0 | M35: 43485026 | N35: -111000 | O35: 43374026
B36: Continuum College | C36: BU121 | D36: CCH100030 | E36: 1943512 | F36: 1418 | G36: 1944930 | H36: -225000 | I36: 1719930 | J36: 0 | K36: 1719930 | L36: 0 | M36: 1719930 | N36: 0 | O36: 1719930
B37: Global Affairs | C37: BU142 | D37: CCH100027 | E37: 1652646 | F37: -81776 | G37: 1570870 | H37: 0 | I37: 1570870 | J37: 0 | K37: 1570870 | L37: 0 | M37: 1570870 | N37: 0 | O37: 1570870
B38: Graduate School | C38: BU122 | D38: CCH100041 | E38: 9866046 | F38: 35123 | G38: 9901169 | H38: 0 | I38: 9901169 | J38: 0 | K38: 9901169 | L38: 0 | M38: 9901169 | N38: 0 | O38: 9901169
B39: Intercollegiate Athletics | C39: BU104 | D39: CCH100029 | E39: 2833000 | F39: -1767000 | G39: 1066000 | H39: 533000 | I39: 1599000 | J39: 0 | K39: 1599000 | L39: 0 | M39: 1599000 | N39: 0 | O39: 1599000
B40: Minority Affairs | C40: BU119 | D40: CCH100032 | E40: 10804300 | F40: 47407 | G40: 10851707 | H40: 0 | I40: 10851707 | J40: 0 | K40: 10851707 | L40: 0 | M40: 10851707 | N40: 0 | O40: 10851707
B41: Student Life | C41: BU115 | D41: CCH100038 | E41: 11507949 | F41: -418682 | G41: 11089267 | H41: 0 | I41: 11089267 | J41: 0 | K41: 11089267 | L41: 0 | M41: 11089267 | N41: 0 | O41: 11089267
B42: Undergraduate Academic Affairs | C42: BU118 | D42: CCH100021 | E42: 6714299 | F42: 38784 | G42: 6753083 | H42: 0 | I42: 6753083 | J42: 0 | K42: 6753083 | L42: 0 | M42: 6753083 | N42: -111000 | O42: 6642083
B43: Research and Innovation | E43: 83475016 | F43: 451095 | G43: 83926111 | H43: -50000 | I43: 83876111 | J43: 0 | K43: 83876111 | L43: 0 | M43: 83876111 | N43: 0 | O43: 83876111
B44: CoMotion | C44: BU124 | D44: CCH100018 | E44: 4027831 | F44: 26507 | G44: 4054338 | H44: 0 | I44: 4054338 | J44: 0 | K44: 4054338 | L44: 0 | M44: 4054338 | N44: 0 | O44: 4054338
B45: Libraries | C45: BU125 | D45: CCH100016 | E45: 45363354 | F45: 17514 | G45: 45380868 | H45: -50000 | I45: 45330868 | J45: 0 | K45: 45330868 | L45: 0 | M45: 45330868 | N45: 0 | O45: 45330868
B46: Vice Provost of Research | C46: BU123 | D46: CCH100025 | E46: 34083831 | F46: 407074 | G46: 34490905 | H46: 0 | I46: 34490905 | J46: 0 | K46: 34490905 | L46: 0 | M46: 34490905 | N46: 0 | O46: 34490905
B47: Seattle Total | E47: 826924068 | F47: -10229916 | G47: 816694152 | H47: -17575506 | I47: 799118646 | J47: -3428440 | K47: 795690206 | L47: 1 | M47: 795690207 | N47: -7656815 | O47: 788033392
B48: Bothell | C48: BU102 | D48: CCH100024 | E48: 31869277 | F48: 1349388 | G48: 33218665 | H48: -200000 | I48: 33018665 | J48: 0 | K48: 33018665 | L48: 0 | M48: 33018665 | N48: 0 | O48: 33018665
B49: Tacoma | C49: BU103 | D49: CCH100037 | E49: 35758571 | F49: 943000 | G49: 36701571 | H49: -698500 | I49: 36003071 | J49: 0 | K49: 36003071 | L49: 0 | M49: 36003071 | N49: 0 | O49: 36003071
B50: Bothell and Tacoma Total | E50: 67627848 | F50: 2292388 | G50: 69920236 | H50: -898500 | I50: 69021736 | J50: 0 | K50: 69021736 | L50: 0 | M50: 69021736 | N50: 0 | O50: 69021736
B51: Grand Total | E51: 894551916 | F51: -7937528 | G51: 886614388 | H51: -18474006 | I51: 868140382 | J51: -3428440 | K51: 864711942 | L51: 1 | M51: 864711943 | N51: -7656815 | O51: 857055128
B54: Footnotes by column

Sheet Supp_Inflation Adj.
B3: FY2025 Core Funds Allocation Table: Inflation Adjustment for Backfill
B4: =Tuition!B4 -> 45331
B5: Cost Center Level 05 Name | C5: Balancing Unit | D5: Cost Center Level 05 Code | E5: FY2025 Increment | F5: FY2026 Increment | G5: FY2027 Increment | H5: FY2028 Increment | I5: FY2029 Increment
E6: Calculated Field | F6: Calculated Field | G6: Calculated Field | H6: Calculated Field | I6: Calculated Field
B8: Seattle Academic Units | E8: 0 | F8: 0 | G8: 0 | H8: 0 | I8: 0
B9: College of Arts and Sciences | C9: BU134 | D9: CCH100036 | E9: 0 | F9: 0 | G9: 0 | H9: 0 | I9: 0
B10: College of Built Environments | C10: BU139 | D10: CCH100039 | E10: 0 | F10: 0 | G10: 0 | H10: 0 | I10: 0
B11: College of Education | C11: BU136 | D11: CCH100042 | E11: 0 | F11: 0 | G11: 0 | H11: 0 | I11: 0
B12: College of Engineering | C12: BU132 | D12: CCH100058 | E12: 0 | F12: 0 | G12: 0 | H12: 0 | I12: 0
B13: College of the Environment | C13: BU133 | D13: CCH100043 | E13: 0 | F13: 0 | G13: 0 | H13: 0 | I13: 0
B14: Evans School of Public Policy and Governance | C14: BU137 | D14: CCH100019 | E14: 0 | F14: 0 | G14: 0 | H14: 0 | I14: 0
B15: Foster School of Business | C15: BU140 | D15: CCH100023 | E15: 0 | F15: 0 | G15: 0 | H15: 0 | I15: 0
B16: Information School | C16: BU138 | D16: CCH100028 | E16: 0 | F16: 0 | G16: 0 | H16: 0 | I16: 0
B17: School of Dentistry | C17: BU127 | D17: CCH100033 | E17: 0 | F17: 0 | G17: 0 | H17: 0 | I17: 0
B18: School of Law | C18: BU141 | D18: CCH100017 | E18: 0 | F18: 0 | G18: 0 | H18: 0 | I18: 0
B19: School of Medicine | C19: BU131 | D19: CCH100050 | E19: 0 | F19: 0 | G19: 0 | H19: 0 | I19: 0
B20: School of Nursing | C20: BU129 | D20: CCH100031 | E20: 0 | F20: 0 | G20: 0 | H20: 0 | I20: 0
... B23: School of Social Work | C23: BU135 | D23: CCH100046 | E23: 0 | F23: 0 | G23: 0 | H23: 0 | I23: 0
B24: Seattle Administrative Units | E24: 0 | F24: 0 | G24: 0 | H24: 0 | I24: 0
B25: Institutional Infrastructure | E25: 0 | F25: 0 | G25: 0 | H25: 0 | I25: 0
B26: Advancement | C26: BU109 | D26: CCH100034 | E26: 0 | F26: 0 | G26: 0 | H26: 0 | I26: 0
B27: Attorney General | C27: BU113 | D27: CCH100026 | E27: 0 | F27: 0 | G27: 0 | H27: 0 | I27: 0
B28: Campus Community Safety | C28: BU166 | D28: CCH104556 | E28: 0 | F28: 0 | G28: 0 | H28: 0 | I28: 0
B29: Executive Office | C29: BU105 | D29: CCH100020 | E29: 0 | F29: 0 | G29: 0 | H29: 0 | I29: 0
B30: External Affairs | C30: BU114 | D30: CCH100022 | E30: 0 | F30: 0 | G30: 0 | H30: 0 | I30: 0
B31: Facilities | C31: BU111 | D31: CCH100049 | E31: 0 | F31: 0 | G31: 0 | H31: 0 | I31: 0
B32: Finance | C32: BU106 | D32: CCH100047 | E32: 0 | F32: 0 | G32: 0 | H32: 0 | I32: 0
B33: Human Resources | C33: BU108 | D33: CCH100044 | E33: 0 | F33: 0 | G33: 0 | H33: 0 | I33: 0
B34: UW Information Technology | C34: BU110 | D34: CCH100040 | E34: 0 | F34: 0 | G34: 0 | H34: 0 | I34: 0
B35: Instructional & Student Support | E35: 0 | F35: 0 | G35: 0 | H35: 0 | I35: 0
B36: Continuum College | C36: BU121 | D36: CCH100030 | E36: 0 | F36: 0 | G36: 0 | H36: 0 | I36: 0
B37: Global Affairs | C37: BU142 | D37: CCH100027 | E37: 0 | F37: 0 | G37: 0 | H37: 0 | I37: 0
B38: Graduate School | C38: BU122 | D38: CCH100041 | E38: 0 | F38: 0 | G38: 0 | H38: 0 | I38: 0
B39: Intercollegiate Athletics | C39: BU104 | D39: CCH100029 | E39: 0 | F39: 0 | G39: 0 | H39: 0 | I39: 0
B40: Minority Affairs | C40: BU119 | D40: CCH100032 | E40: 0 | F40: 0 | G40: 0 | H40: 0 | I40: 0
B41: Student Life | C41: BU115 | D41: CCH100038 | E41: 0 | F41: 0 | G41: 0 | H41: 0 | I41: 0
B42: Undergraduate Academic Affairs | C42: BU118 | D42: CCH100021 | E42: 0 | F42: 0 | G42: 0 | H42: 0 | I42: 0
B43: Research and Innovation | E43: 0 | F43: 0 | G43: 0 | H43: 0 | I43: 0
B44: CoMotion | C44: BU124 | D44: CCH100018 | E44: 0 | F44: 0 | G44: 0 | H44: 0 | I44: 0
B45: Libraries | C45: BU125 | D45: CCH100016 | E45: 0 | F45: 0 | G45: 0 | H45: 0 | I45: 0
B46: Vice Provost of Research | C46: BU123 | D46: CCH100025 | E46: 0 | F46: 0 | G46: 0 | H46: 0 | I46: 0
B47: Seattle Total | E47: 0 | F47: 0 | G47: 0 | H47: 0 | I47: 0
B48: Bothell | C48: BU102 | D48: CCH100024 | E48: 0 | F48: 0 | G48: 0 | H48: 0 | I48: 0
B49: Tacoma | C49: BU103 | D49: CCH100037 | E49: 0 | F49: 0 | G49: 0 | H49: 0 | I49: 0
B50: Bothell and Tacoma Total | E50: 0 | F50: 0 | G50: 0 | H50: 0 | I50: 0
B51: Grand Total | E51: 0 | F51: 0 | G51: 0 | H51: 0 | I51: 0
B54: Footnotes by column

Sheet Supp_State Funded Merit and Ben
B3: FY2025 Core Funds Allocation Table: State Funded Merit and Benefit Changes
B4: =Tuition!B4 -> 45331
B5: Cost Center Level 05 Name | C5: Balancing Unit | D5: Cost Center Level 05 Code | E5: FY2025 Increment | F5: FY2026 Increment | G5: FY2027 Increment | H5: FY2028 Increment | I5: FY2029 Increment
E6: Calculated Field | F6: Calculated Field | G6: Calculated Field | H6: Calculated Field | I6: Calculated Field
B8: Seattle Academic Units | E8: 0 | F8: 0 | G8: 0 | H8: 0 | I8: 0
B9: College of Arts and Sciences | C9: BU134 | D9: CCH100036 | E9: 0 | F9: 0 | G9: 0 | H9: 0 | I9: 0
B10: College of Built Environments | C10: BU139 | D10: CCH100039 | E10: 0 | F10: 0 | G10: 0 | H10: 0 | I10: 0
B11: College of Education | C11: BU136 | D11: CCH100042 | E11: 0 | F11: 0 | G11: 0 | H11: 0 | I11: 0
B12: College of Engineering | C12: BU132 | D12: CCH100058 | E12: 0 | F12: 0 | G12: 0 | H12: 0 | I12: 0
B13: College of the Environment | C13: BU133 | D13: CCH100043 | E13: 0 | F13: 0 | G13: 0 | H13: 0 | I13: 0
B14: Evans School of Public Policy and Governance | C14: BU137 | D14: CCH100019 | E14: 0 | F14: 0 | G14: 0 | H14: 0 | I14: 0
B15: Foster School of Business | C15: BU140 | D15: CCH100023 | E15: 0 | F15: 0 | G15: 0 | H15: 0 | I15: 0
B16: Information School | C16: BU138 | D16: CCH100028 | E16: 0 | F16: 0 | G16: 0 | H16: 0 | I16: 0
B17: School of Dentistry | C17: BU127 | D17: CCH100033 | E17: 0 | F17: 0 | G17: 0 | H17: 0 | I17: 0
B18: School of Law | C18: BU141 | D18: CCH100017 | E18: 0 | F18: 0 | G18: 0 | H18: 0 | I18: 0
B19: School of Medicine | C19: BU131 | D19: CCH100050 | E19: 0 | F19: 0 | G19: 0 | H19: 0 | I19: 0
B20: School of Nursing | C20: BU129 | D20: CCH100031 | E20: 0 | F20: 0 | G20: 0 | H20: 0 | I20: 0
... B23: School of Social Work | C23: BU135 | D23: CCH100046 | E23: 0 | F23: 0 | G23: 0 | H23: 0 | I23: 0
B24: Seattle Administrative Units | E24: 0 | F24: 0 | G24: 0 | H24: 0 | I24: 0
B25: Institutional Infrastructure | E25: 0 | F25: 0 | G25: 0 | H25: 0 | I25: 0
B26: Advancement | C26: BU109 | D26: CCH100034 | E26: 0 | F26: 0 | G26: 0 | H26: 0 | I26: 0
B27: Attorney General | C27: BU113 | D27: CCH100026 | E27: 0 | F27: 0 | G27: 0 | H27: 0 | I27: 0
B28: Campus Community Safety | C28: BU166 | D28: CCH104556 | E28: 0 | F28: 0 | G28: 0 | H28: 0 | I28: 0
B29: Executive Office | C29: BU105 | D29: CCH100020 | E29: 0 | F29: 0 | G29: 0 | H29: 0 | I29: 0
B30: External Affairs | C30: BU114 | D30: CCH100022 | E30: 0 | F30: 0 | G30: 0 | H30: 0 | I30: 0
B31: Facilities | C31: BU111 | D31: CCH100049 | E31: 0 | F31: 0 | G31: 0 | H31: 0 | I31: 0
B32: Finance | C32: BU106 | D32: CCH100047 | E32: 0 | F32: 0 | G32: 0 | H32: 0 | I32: 0
B33: Human Resources | C33: BU108 | D33: CCH100044 | E33: 0 | F33: 0 | G33: 0 | H33: 0 | I33: 0
B34: UW Information Technology | C34: BU110 | D34: CCH100040 | E34: 0 | F34: 0 | G34: 0 | H34: 0 | I34: 0
B35: Instructional & Student Support | E35: 0 | F35: 0 | G35: 0 | H35: 0 | I35: 0
B36: Continuum College | C36: BU121 | D36: CCH100030 | E36: 0 | F36: 0 | G36: 0 | H36: 0 | I36: 0
B37: Global Affairs | C37: BU142 | D37: CCH100027 | E37: 0 | F37: 0 | G37: 0 | H37: 0 | I37: 0
B38: Graduate School | C38: BU122 | D38: CCH100041 | E38: 0 | F38: 0 | G38: 0 | H38: 0 | I38: 0
B39: Intercollegiate Athletics | C39: BU104 | D39: CCH100029 | E39: 0 | F39: 0 | G39: 0 | H39: 0 | I39: 0
B40: Minority Affairs | C40: BU119 | D40: CCH100032 | E40: 0 | F40: 0 | G40: 0 | H40: 0 | I40: 0
B41: Student Life | C41: BU115 | D41: CCH100038 | E41: 0 | F41: 0 | G41: 0 | H41: 0 | I41: 0
B42: Undergraduate Academic Affairs | C42: BU118 | D42: CCH100021 | E42: 0 | F42: 0 | G42: 0 | H42: 0 | I42: 0
B43: Research and Innovation | E43: 0 | F43: 0 | G43: 0 | H43: 0 | I43: 0
B44: CoMotion | C44: BU124 | D44: CCH100018 | E44: 0 | F44: 0 | G44: 0 | H44: 0 | I44: 0
B45: Libraries | C45: BU125 | D45: CCH100016 | E45: 0 | F45: 0 | G45: 0 | H45: 0 | I45: 0
B46: Vice Provost of Research | C46: BU123 | D46: CCH100025 | E46: 0 | F46: 0 | G46: 0 | H46: 0 | I46: 0
B47: Seattle Total | E47: 0 | F47: 0 | G47: 0 | H47: 0 | I47: 0
B48: Bothell | C48: BU102 | D48: CCH100024 | E48: 0 | F48: 0 | G48: 0 | H48: 0 | I48: 0
B49: Tacoma | C49: BU103 | D49: CCH100037 | E49: 0 | F49: 0 | G49: 0 | H49: 0 | I49: 0
B50: Bothell and Tacoma Total | E50: 0 | F50: 0 | G50: 0 | H50: 0 | I50: 0
B51: Grand Total | E51: 0 | F51: 0 | G51: 0 | H51: 0 | I51: 0
B54: Footnotes by column

Sheet Supp_Legislative Directives
B3: FY2025 Core Funds Allocation Table: Legislative Directives
B4: =Tuition!B4 -> 45331
B5: Cost Center Level 05 Name | C5: Balancing Unit | D5: Cost Center Level 05 Code | E5: FY2025 Increment | F5: FY2026 Increment | G5: FY2027 Increment | H5: FY2028 Increment | I5: FY2029 Increment
E6: Calculated Field | F6: Calculated Field | G6: Calculated Field | H6: Calculated Field | I6: Calculated Field
B8: Seattle Academic Units | E8: 7254310 | F8: -15087000 | G8: 0 | H8: 0 | I8: 0
B9: College of Arts and Sciences | C9: BU134 | D9: CCH100036 | E9: -24000 | F9: -1463000 | G9: 0 | H9: 0 | I9: 0
B10: College of Built Environments | C10: BU139 | D10: CCH100039 | E10: 0 | F10: -100000 | G10: 0 | H10: 0 | I10: 0
B11: College of Education | C11: BU136 | D11: CCH100042 | E11: 0 | F11: 0 | G11: 0 | H11: 0 | I11: 0
B12: College of Engineering | C12: BU132 | D12: CCH100058 | E12: 2433310 | F12: -2625000 | G12: 0 | H12: 0 | I12: 0
B13: College of the Environment | C13: BU133 | D13: CCH100043 | E13: 326000 | F13: -892000 | G13: 0 | H13: 0 | I13: 0
B14: Evans School of Public Policy and Governance | C14: BU137 | D14: CCH100019 | E14: 0 | F14: 0 | G14: 0 | H14: 0 | I14: 0
B15: Foster School of Business | C15: BU140 | D15: CCH100023 | E15: 0 | F15: 0 | G15: 0 | H15: 0 | I15: 0
B16: Information School | C16: BU138 | D16: CCH100028 | E16: 0 | F16: 0 | G16: 0 | H16: 0 | I16: 0
B17: School of Dentistry | C17: BU127 | D17: CCH100033 | E17: 0 | F17: 0 | G17: 0 | H17: 0 | I17: 0
B18: School of Law | C18: BU141 | D18: CCH100017 | E18: 0 | F18: 0 | G18: 0 | H18: 0 | I18: 0
B19: School of Medicine | C19: BU131 | D19: CCH100050 | E19: 3327000 | F19: -7392000 | G19: 0 | H19: 0 | I19: 0
B20: School of Nursing | C20: BU129 | D20: CCH100031 | E20: 0 | F20: -150000 | G20: 0 | H20: 0 | I20: 0
... B23: School of Social Work | C23: BU135 | D23: CCH100046 | E23: 192000 | F23: -965000 | G23: 0 | H23: 0 | I23: 0
B24: Seattle Administrative Units | E24: 0 | F24: -1775000 | G24: 0 | H24: 0 | I24: 0
B25: Institutional Infrastructure | E25: 0 | F25: -1500000 | G25: 0 | H25: 0 | I25: 0
B26: Advancement | C26: BU109 | D26: CCH100034 | E26: 0 | F26: 0 | G26: 0 | H26: 0 | I26: 0
B27: Attorney General | C27: BU113 | D27: CCH100026 | E27: 0 | F27: 0 | G27: 0 | H27: 0 | I27: 0
B28: Campus Community Safety | C28: BU166 | D28: CCH104556 | E28: 0 | F28: 0 | G28: 0 | H28: 0 | I28: 0
B29: Executive Office | C29: BU105 | D29: CCH100020 | E29: 0 | F29: 0 | G29: 0 | H29: 0 | I29: 0
B30: External Affairs | C30: BU114 | D30: CCH100022 | E30: 0 | F30: 0 | G30: 0 | H30: 0 | I30: 0
B31: Facilities | C31: BU111 | D31: CCH100049 | E31: 0 | F31: -1500000 | G31: 0 | H31: 0 | I31: 0
B32: Finance | C32: BU106 | D32: CCH100047 | E32: 0 | F32: 0 | G32: 0 | H32: 0 | I32: 0
B33: Human Resources | C33: BU108 | D33: CCH100044 | E33: 0 | F33: 0 | G33: 0 | H33: 0 | I33: 0
B34: UW Information Technology | C34: BU110 | D34: CCH100040 | E34: 0 | F34: 0 | G34: 0 | H34: 0 | I34: 0
B35: Instructional & Student Support | E35: 0 | F35: -225000 | G35: 0 | H35: 0 | I35: 0
B36: Continuum College | C36: BU121 | D36: CCH100030 | E36: 0 | F36: -225000 | G36: 0 | H36: 0 | I36: 0
B37: Global Affairs | C37: BU142 | D37: CCH100027 | E37: 0 | F37: 0 | G37: 0 | H37: 0 | I37: 0
B38: Graduate School | C38: BU122 | D38: CCH100041 | E38: 0 | F38: 0 | G38: 0 | H38: 0 | I38: 0
B39: Intercollegiate Athletics | C39: BU104 | D39: CCH100029 | E39: 0 | F39: 0 | G39: 0 | H39: 0 | I39: 0
B40: Minority Affairs | C40: BU119 | D40: CCH100032 | E40: 0 | F40: 0 | G40: 0 | H40: 0 | I40: 0
B41: Student Life | C41: BU115 | D41: CCH100038 | E41: 0 | F41: 0 | G41: 0 | H41: 0 | I41: 0
B42: Undergraduate Academic Affairs | C42: BU118 | D42: CCH100021 | E42: 0 | F42: 0 | G42: 0 | H42: 0 | I42: 0
B43: Research and Innovation | E43: 0 | F43: -50000 | G43: 0 | H43: 0 | I43: 0
B44: CoMotion | C44: BU124 | D44: CCH100018 | E44: 0 | F44: 0 | G44: 0 | H44: 0 | I44: 0
B45: Libraries | C45: BU125 | D45: CCH100016 | E45: 0 | F45: -50000 | G45: 0 | H45: 0 | I45: 0
B46: Vice Provost of Research | C46: BU123 | D46: CCH100025 | E46: 0 | F46: 0 | G46: 0 | H46: 0 | I46: 0
B47: Seattle Total | E47: 7254310 | F47: -16862000 | G47: 0 | H47: 0 | I47: 0
B48: Bothell | C48: BU102 | D48: CCH100024 | E48: 1364388 | F48: -200000 | G48: 0 | H48: 0 | I48: 0
B49: Tacoma | C49: BU103 | D49: CCH100037 | E49: 943000 | F49: -698500 | G49: 0 | H49: 0 | I49: 0
B50: Bothell and Tacoma Total | E50: 2307388 | F50: -898500 | G50: 0 | H50: 0 | I50: 0
B51: Grand Total | E51: 9561698 | F51: -17760500 | G51: 0 | H51: 0 | I51: 0
B54: Footnotes by column

Sheet Supp_Provisos
B3: FY2025 Core Funds Allocation Table: Provisos
B4: =Tuition!B4 -> 45331
B5: Cost Center Level 05 Name | C5: Balancing Unit | D5: Cost Center Level 05 Code | E5: FY2024 Proviso Base | F5: FY2024 Proviso Increment | G5: FY2024 Total Base | H5: FY2025 Increment | I5: FY2025 Total Base | J5: FY2026 Increment | K5: FY2026 Total Base | L5: FY2027 Increment | M5: FY2027 Total Base | N5: FY2028 Increment | O5: FY2028 Total Base | P5: FY2029 Increment | Q5: FY2029 Total Base
E6: FY2024 Core Funds Table April Release | F6: FY2024 Core Funds Table April Release | G6: Calculated Field | H6: Calculated Field | I6: Calculated Field | J6: Calculated Field | K6: Calculated Field | L6: Calculated Field | M6: Calculated Field | N6: Calculated Field | O6: Calculated Field | P6: Calculated Field | Q6: Calculated Field
B8: Seattle Academic Units | E8: 54734000 | F8: 15375000 | G8: 70109000 | H8: 6838000 | I8: 76947000 | J8: -15087000 | K8: 61860000 | L8: 0 | M8: 61860000 | N8: 0 | O8: 61860000 | P8: 0 | Q8: 61860000
B9: College of Arts and Sciences | C9: BU134 | D9: CCH100036 | E9: 1757000 | F9: 1875000 | G9: 3632000 | H9: -24000 | I9: 3608000 | J9: -1463000 | K9: 2145000 | L9: 0 | M9: 2145000 | N9: 0 | O9: 2145000 | P9: 0 | Q9: 2145000
B10: College of Built Environments | C10: BU139 | D10: CCH100039 | E10: 575000 | F10: 100000 | G10: 675000 | H10: 0 | I10: 675000 | J10: -100000 | K10: 575000 | L10: 0 | M10: 575000 | N10: 0 | O10: 575000 | P10: 0 | Q10: 575000
B11: College of Education | C11: BU136 | D11: CCH100042 | E11: 350000 | F11: 0 | G11: 350000 | H11: 0 | I11: 350000 | J11: 0 | K11: 350000 | L11: 0 | M11: 350000 | N11: 0 | O11: 350000 | P11: 0 | Q11: 350000
B12: College of Engineering | C12: BU132 | D12: CCH100058 | E12: 20304000 | F12: 4626000 | G12: 24930000 | H12: 2017000 | I12: 26947000 | J12: -2625000 | K12: 24322000 | L12: 0 | M12: 24322000 | N12: 0 | O12: 24322000 | P12: 0 | Q12: 24322000
B13: College of the Environment | C13: BU133 | D13: CCH100043 | E13: 1629000 | F13: 1259500 | G13: 2888500 | H13: 326000 | I13: 3214500 | J13: -892000 | K13: 2322500 | L13: 0 | M13: 2322500 | N13: 0 | O13: 2322500 | P13: 0 | Q13: 2322500
B14: Evans School of Public Policy and Governance | C14: BU137 | D14: CCH100019 | E14: 0 | F14: 0 | G14: 0 | H14: 0 | I14: 0 | J14: 0 | K14: 0 | L14: 0 | M14: 0 | N14: 0 | O14: 0 | P14: 0 | Q14: 0
B15: Foster School of Business | C15: BU140 | D15: CCH100023 | E15: 0 | F15: 0 | G15: 0 | H15: 0 | I15: 0 | J15: 0 | K15: 0 | L15: 0 | M15: 0 | N15: 0 | O15: 0 | P15: 0 | Q15: 0
B16: Information School | C16: BU138 | D16: CCH100028 | E16: 0 | F16: 0 | G16: 0 | H16: 0 | I16: 0 | J16: 0 | K16: 0 | L16: 0 | M16: 0 | N16: 0 | O16: 0 | P16: 0 | Q16: 0
B17: School of Dentistry | C17: BU127 | D17: CCH100033 | E17: 1000000 | F17: 0 | G17: 1000000 | H17: 0 | I17: 1000000 | J17: 0 | K17: 1000000 | L17: 0 | M17: 1000000 | N17: 0 | O17: 1000000 | P17: 0 | Q17: 1000000
B18: School of Law | C18: BU141 | D18: CCH100017 | E18: 0 | F18: 0 | G18: 0 | H18: 0 | I18: 0 | J18: 0 | K18: 0 | L18: 0 | M18: 0 | N18: 0 | O18: 0 | P18: 0 | Q18: 0
B19: School of Medicine | C19: BU131 | D19: CCH100050 | E19: 18786000 | F19: 5380000 | G19: 24166000 | H19: 3327000 | I19: 27493000 | J19: -7392000 | K19: 20101000 | L19: 0 | M19: 20101000 | N19: 0 | O19: 20101000 | P19: 0 | Q19: 20101000
B20: School of Nursing | C20: BU129 | D20: CCH100031 | E20: 969000 | F20: 521000 | G20: 1490000 | H20: 0 | I20: 1490000 | J20: -150000 | K20: 1340000 | L20: 0 | M20: 1340000 | N20: 0 | O20: 1340000 | P20: 0 | Q20: 1340000
... B23: School of Social Work | C23: BU135 | D23: CCH100046 | E23: 918000 | F23: 689000 | G23: 1607000 | H23: 192000 | I23: 1799000 | J23: -965000 | K23: 834000 | L23: 0 | M23: 834000 | N23: 0 | O23: 834000 | P23: 0 | Q23: 834000
B24: Seattle Administrative Units | E24: 3347000 | F24: 4189000 | G24: 7536000 | H24: 0 | I24: 7536000 | J24: -1775000 | K24: 5761000 | L24: 0 | M24: 5761000 | N24: 0 | O24: 5761000 | P24: 0 | Q24: 5761000
B25: Institutional Infrastructure | E25: 2654000 | F25: 1451000 | G25: 4105000 | H25: 0 | I25: 4105000 | J25: -1500000 | K25: 2605000 | L25: 0 | M25: 2605000 | N25: 0 | O25: 2605000 | P25: 0 | Q25: 2605000
B26: Advancement | C26: BU109 | D26: CCH100034 | E26: 0 | F26: 0 | G26: 0 | H26: 0 | I26: 0 | J26: 0 | K26: 0 | L26: 0 | M26: 0 | N26: 0 | O26: 0 | P26: 0 | Q26: 0
B27: Attorney General | C27: BU113 | D27: CCH100026 | E27: 0 | F27: 0 | G27: 0 | H27: 0 | I27: 0 | J27: 0 | K27: 0 | L27: 0 | M27: 0 | N27: 0 | O27: 0 | P27: 0 | Q27: 0
B28: Campus Community Safety | C28: BU166 | D28: CCH104556 | E28: 0 | F28: 0 | G28: 0 | H28: 0 | I28: 0 | J28: 0 | K28: 0 | L28: 0 | M28: 0 | N28: 0 | O28: 0 | P28: 0 | Q28: 0
B29: Executive Office | C29: BU105 | D29: CCH100020 | E29: 99000 | F29: 0 | G29: 99000 | H29: 0 | I29: 99000 | J29: 0 | K29: 99000 | L29: 0 | M29: 99000 | N29: 0 | O29: 99000 | P29: 0 | Q29: 99000
B30: External Affairs | C30: BU114 | D30: CCH100022 | E30: 0 | F30: 0 | G30: 0 | H30: 0 | I30: 0 | J30: 0 | K30: 0 | L30: 0 | M30: 0 | N30: 0 | O30: 0 | P30: 0 | Q30: 0
B31: Facilities | C31: BU111 | D31: CCH100049 | E31: 2555000 | F31: 1451000 | G31: 4006000 | H31: 0 | I31: 4006000 | J31: -1500000 | K31: 2506000 | L31: 0 | M31: 2506000 | N31: 0 | O31: 2506000 | P31: 0 | Q31: 2506000
B32: Finance | C32: BU106 | D32: CCH100047 | E32: 0 | F32: 0 | G32: 0 | H32: 0 | I32: 0 | J32: 0 | K32: 0 | L32: 0 | M32: 0 | N32: 0 | O32: 0 | P32: 0 | Q32: 0
B33: Human Resources | C33: BU108 | D33: CCH100044 | E33: 0 | F33: 0 | G33: 0 | H33: 0 | I33: 0 | J33: 0 | K33: 0 | L33: 0 | M33: 0 | N33: 0 | O33: 0 | P33: 0 | Q33: 0
B34: UW Information Technology | C34: BU110 | D34: CCH100040 | E34: 0 | F34: 0 | G34: 0 | H34: 0 | I34: 0 | J34: 0 | K34: 0 | L34: 0 | M34: 0 | N34: 0 | O34: 0 | P34: 0 | Q34: 0
B35: Instructional & Student Support | E35: 493000 | F35: 2688000 | G35: 3181000 | H35: 0 | I35: 3181000 | J35: -225000 | K35: 2956000 | L35: 0 | M35: 2956000 | N35: 0 | O35: 2956000 | P35: 0 | Q35: 2956000
B36: Continuum College | C36: BU121 | D36: CCH100030 | E36: 0 | F36: 1869000 | G36: 1869000 | H36: 0 | I36: 1869000 | J36: -225000 | K36: 1644000 | L36: 0 | M36: 1644000 | N36: 0 | O36: 1644000 | P36: 0 | Q36: 1644000
B37: Global Affairs | C37: BU142 | D37: CCH100027 | E37: 0 | F37: 0 | G37: 0 | H37: 0 | I37: 0 | J37: 0 | K37: 0 | L37: 0 | M37: 0 | N37: 0 | O37: 0 | P37: 0 | Q37: 0
B38: Graduate School | C38: BU122 | D38: CCH100041 | E38: 0 | F38: 0 | G38: 0 | H38: 0 | I38: 0 | J38: 0 | K38: 0 | L38: 0 | M38: 0 | N38: 0 | O38: 0 | P38: 0 | Q38: 0
B39: Intercollegiate Athletics | C39: BU104 | D39: CCH100029 | E39: 0 | F39: 0 | G39: 0 | H39: 0 | I39: 0 | J39: 0 | K39: 0 | L39: 0 | M39: 0 | N39: 0 | O39: 0 | P39: 0 | Q39: 0
B40: Minority Affairs | C40: BU119 | D40: CCH100032 | E40: 308000 | F40: 749000 | G40: 1057000 | H40: 0 | I40: 1057000 | J40: 0 | K40: 1057000 | L40: 0 | M40: 1057000 | N40: 0 | O40: 1057000 | P40: 0 | Q40: 1057000
B41: Student Life | C41: BU115 | D41: CCH100038 | E41: 185000 | F41: 70000 | G41: 255000 | H41: 0 | I41: 255000 | J41: 0 | K41: 255000 | L41: 0 | M41: 255000 | N41: 0 | O41: 255000 | P41: 0 | Q41: 255000
B42: Undergraduate Academic Affairs | C42: BU118 | D42: CCH100021 | E42: 0 | F42: 0 | G42: 0 | H42: 0 | I42: 0 | J42: 0 | K42: 0 | L42: 0 | M42: 0 | N42: 0 | O42: 0 | P42: 0 | Q42: 0
B43: Research and Innovation | E43: 200000 | F43: 50000 | G43: 250000 | H43: 0 | I43: 250000 | J43: -50000 | K43: 200000 | L43: 0 | M43: 200000 | N43: 0 | O43: 200000 | P43: 0 | Q43: 200000
B44: CoMotion | C44: BU124 | D44: CCH100018 | E44: 0 | F44: 0 | G44: 0 | H44: 0 | I44: 0 | J44: 0 | K44: 0 | L44: 0 | M44: 0 | N44: 0 | O44: 0 | P44: 0 | Q44: 0
B45: Libraries | C45: BU125 | D45: CCH100016 | E45: 200000 | F45: 50000 | G45: 250000 | H45: 0 | I45: 250000 | J45: -50000 | K45: 200000 | L45: 0 | M45: 200000 | N45: 0 | O45: 200000 | P45: 0 | Q45: 200000
B46: Vice Provost of Research | C46: BU123 | D46: CCH100025 | E46: 0 | F46: 0 | G46: 0 | H46: 0 | I46: 0 | J46: 0 | K46: 0 | L46: 0 | M46: 0 | N46: 0 | O46: 0 | P46: 0 | Q46: 0
B47: Seattle Total | E47: 58081000 | F47: 19564000 | G47: 77645000 | H47: 6838000 | I47: 84483000 | J47: -16862000 | K47: 67621000 | L47: 0 | M47: 67621000 | N47: 0 | O47: 67621000 | P47: 0 | Q47: 67621000
B48: Bothell | C48: BU102 | D48: CCH100024 | E48: 1550000 | F48: 927500 | G48: 2477500 | H48: 0 | I48: 2477500 | J48: -200000 | K48: 2277500 | L48: 0 | M48: 2277500 | N48: 0 | O48: 2277500 | P48: 0 | Q48: 2277500
B49: Tacoma | C49: BU103 | D49: CCH100037 | E49: 2778000 | F49: 2373000 | G49: 5151000 | H49: 943000 | I49: 6094000 | J49: -698500 | K49: 5395500 | L49: 0 | M49: 5395500 | N49: 0 | O49: 5395500 | P49: 0 | Q49: 5395500
B50: Bothell and Tacoma Total | E50: 4328000 | F50: 3300500 | G50: 7628500 | H50: 943000 | I50: 8571500 | J50: -898500 | K50: 7673000 | L50: 0 | M50: 7673000 | N50: 0 | O50: 7673000 | P50: 0 | Q50: 7673000
B51: Grand Total | E51: 62409000 | F51: 22864500 | G51: 85273500 | H51: 7781000 | I51: 93054500 | J51: -17760500 | K51: 75294000 | L51: 0 | M51: 75294000 | N51: 0 | O51: 75294000 | P51: 0 | Q51: 75294000
B54: Footnotes by column

Sheet Supp_M&O
B3: FY2025 Core Funds Allocation Table: M&O
B4: =Tuition!B4 -> 45331
B5: Cost Center Level 05 Name | C5: Balancing Unit | D5: Cost Center Level 05 Code | E5: FY2025 Increment | F5: FY2026 Increment | G5: FY2027 Increment | H5: FY2028 Increment | I5: FY2029 Increment
E6: Calculated Field | F6: Calculated Field | G6: Calculated Field | H6: Calculated Field | I6: Calculated Field
B8: Seattle Academic Units | E8: 416310 | F8: 0 | G8: 0 | H8: 0 | I8: 0
B9: College of Arts and Sciences | C9: BU134 | D9: CCH100036 | E9: 0 | F9: 0 | G9: 0 | H9: 0 | I9: 0
B10: College of Built Environments | C10: BU139 | D10: CCH100039 | E10: 0 | F10: 0 | G10: 0 | H10: 0 | I10: 0
B11: College of Education | C11: BU136 | D11: CCH100042 | E11: 0 | F11: 0 | G11: 0 | H11: 0 | I11: 0
B12: College of Engineering | C12: BU132 | D12: CCH100058 | E12: 416310 | F12: 0 | G12: 0 | H12: 0 | I12: 0
B13: College of the Environment | C13: BU133 | D13: CCH100043 | E13: 0 | F13: 0 | G13: 0 | H13: 0 | I13: 0
B14: Evans School of Public Policy and Governance | C14: BU137 | D14: CCH100019 | E14: 0 | F14: 0 | G14: 0 | H14: 0 | I14: 0
B15: Foster School of Business | C15: BU140 | D15: CCH100023 | E15: 0 | F15: 0 | G15: 0 | H15: 0 | I15: 0
B16: Information School | C16: BU138 | D16: CCH100028 | E16: 0 | F16: 0 | G16: 0 | H16: 0 | I16: 0
B17: School of Dentistry | C17: BU127 | D17: CCH100033 | E17: 0 | F17: 0 | G17: 0 | H17: 0 | I17: 0
B18: School of Law | C18: BU141 | D18: CCH100017 | E18: 0 | F18: 0 | G18: 0 | H18: 0 | I18: 0
B19: School of Medicine | C19: BU131 | D19: CCH100050 | E19: 0 | F19: 0 | G19: 0 | H19: 0 | I19: 0
B20: School of Nursing | C20: BU129 | D20: CCH100031 | E20: 0 | F20: 0 | G20: 0 | H20: 0 | I20: 0
... B23: School of Social Work | C23: BU135 | D23: CCH100046 | E23: 0 | F23: 0 | G23: 0 | H23: 0 | I23: 0
B24: Seattle Administrative Units | E24: 0 | F24: 0 | G24: 0 | H24: 0 | I24: 0
B25: Institutional Infrastructure | E25: 0 | F25: 0 | G25: 0 | H25: 0 | I25: 0
B26: Advancement | C26: BU109 | D26: CCH100034 | E26: 0 | F26: 0 | G26: 0 | H26: 0 | I26: 0
B27: Attorney General | C27: BU113 | D27: CCH100026 | E27: 0 | F27: 0 | G27: 0 | H27: 0 | I27: 0
B28: Campus Community Safety | C28: BU166 | D28: CCH104556 | E28: 0 | F28: 0 | G28: 0 | H28: 0 | I28: 0
B29: Executive Office | C29: BU105 | D29: CCH100020 | E29: 0 | F29: 0 | G29: 0 | H29: 0 | I29: 0
B30: External Affairs | C30: BU114 | D30: CCH100022 | E30: 0 | F30: 0 | G30: 0 | H30: 0 | I30: 0
B31: Facilities | C31: BU111 | D31: CCH100049 | E31: 0 | F31: 0 | G31: 0 | H31: 0 | I31: 0
B32: Finance | C32: BU106 | D32: CCH100047 | E32: 0 | F32: 0 | G32: 0 | H32: 0 | I32: 0
B33: Human Resources | C33: BU108 | D33: CCH100044 | E33: 0 | F33: 0 | G33: 0 | H33: 0 | I33: 0
B34: UW Information Technology | C34: BU110 | D34: CCH100040 | E34: 0 | F34: 0 | G34: 0 | H34: 0 | I34: 0
B35: Instructional & Student Support | E35: 0 | F35: 0 | G35: 0 | H35: 0 | I35: 0
B36: Continuum College | C36: BU121 | D36: CCH100030 | E36: 0 | F36: 0 | G36: 0 | H36: 0 | I36: 0
B37: Global Affairs | C37: BU142 | D37: CCH100027 | E37: 0 | F37: 0 | G37: 0 | H37: 0 | I37: 0
B38: Graduate School | C38: BU122 | D38: CCH100041 | E38: 0 | F38: 0 | G38: 0 | H38: 0 | I38: 0
B39: Intercollegiate Athletics | C39: BU104 | D39: CCH100029 | E39: 0 | F39: 0 | G39: 0 | H39: 0 | I39: 0
B40: Minority Affairs | C40: BU119 | D40: CCH100032 | E40: 0 | F40: 0 | G40: 0 | H40: 0 | I40: 0
B41: Student Life | C41: BU115 | D41: CCH100038 | E41: 0 | F41: 0 | G41: 0 | H41: 0 | I41: 0
B42: Undergraduate Academic Affairs | C42: BU118 | D42: CCH100021 | E42: 0 | F42: 0 | G42: 0 | H42: 0 | I42: 0
B43: Research and Innovation | E43: 0 | F43: 0 | G43: 0 | H43: 0 | I43: 0
B44: CoMotion | C44: BU124 | D44: CCH100018 | E44: 0 | F44: 0 | G44: 0 | H44: 0 | I44: 0
B45: Libraries | C45: BU125 | D45: CCH100016 | E45: 0 | F45: 0 | G45: 0 | H45: 0 | I45: 0
B46: Vice Provost of Research | C46: BU123 | D46: CCH100025 | E46: 0 | F46: 0 | G46: 0 | H46: 0 | I46: 0
B47: Seattle Total | E47: 416310 | F47: 0 | G47: 0 | H47: 0 | I47: 0
B48: Bothell | C48: BU102 | D48: CCH100024 | E48: 1364388 | F48: 0 | G48: 0 | H48: 0 | I48: 0
B49: Tacoma | C49: BU103 | D49: CCH100037 | E49: 0 | F49: 0 | G49: 0 | H49: 0 | I49: 0
B50: Bothell and Tacoma Total | E50: 1364388 | F50: 0 | G50: 0 | H50: 0 | I50: 0
B51: Grand Total | E51: 1780698 | F51: 0 | G51: 0 | H51: 0 | I51: 0
B54: Footnotes by column

Sheet Supp_Centrally Funded Init
B3: FY2025 Core Funds Allocation Table: Legislative Directives
B4: =Tuition!B4 -> 45331
B5: Cost Center Level 05 Name | C5: Balancing Unit | D5: Cost Center Level 05 Code | E5: FY2025 Increment | F5: FY2026 Increment | G5: FY2027 Increment | H5: FY2028 Increment | I5: FY2029 Increment
E6: Calculated Field | F6: Calculated Field | G6: Calculated Field | H6: Calculated Field | I6: Calculated Field
B8: Seattle Academic Units | E8: -6277977 | F8: -1178824 | G8: -893018 | H8: -19999 | I8: -2175809
B9: College of Arts and Sciences | C9: BU134 | D9: CCH100036 | E9: -477768 | F9: -783824 | G9: -338018 | H9: 0 | I9: -357120
B10: College of Built Environments | C10: BU139 | D10: CCH100039 | E10: 2427 | F10: -96000 | G10: 0 | H10: 0 | I10: 0
B11: College of Education | C11: BU136 | D11: CCH100042 | E11: -482787 | F11: 0 | G11: 0 | H11: 0 | I11: 0
B12: College of Engineering | C12: BU132 | D12: CCH100058 | E12: -65599 | F12: 0 | G12: -230000 | H12: 0 | I12: -2075000
B13: College of the Environment | C13: BU133 | D13: CCH100043 | E13: -699138 | F13: -199000 | G13: -300000 | H13: 0 | I13: 0
B14: Evans School of Public Policy and Governance | C14: BU137 | D14: CCH100019 | E14: -252638 | F14: 0 | G14: 0 | H14: 0 | I14: 0
B15: Foster School of Business | C15: BU140 | D15: CCH100023 | E15: -80309 | F15: 0 | G15: -25000 | H15: 0 | I15: 0
B16: Information School | C16: BU138 | D16: CCH100028 | E16: 1822 | F16: 0 | G16: 0 | H16: 0 | I16: 0
B17: School of Dentistry | C17: BU127 | D17: CCH100033 | E17: -381476 | F17: 0 | G17: 0 | H17: -10000 | I17: 0
B18: School of Law | C18: BU141 | D18: CCH100017 | E18: 2158 | F18: -100000 | G18: 0 | H18: -10000 | I18: 0
B19: School of Medicine | C19: BU131 | D19: CCH100050 | E19: -1653844 | F19: 0 | G19: 0 | H19: 0 | I19: 0
B20: School of Nursing | C20: BU129 | D20: CCH100031 | E20: -839769 | F20: 0 | G20: 0 | H20: 0 | I20: 0
... B23: School of Social Work | C23: BU135 | D23: CCH100046 | E23: -372345 | F23: 0 | G23: 0 | H23: 0 | I23: 0
B24: Seattle Administrative Units | E24: -11206249 | F24: 465318 | G24: -2535422 | H24: 20000 | I24: -5481006
B25: Institutional Infrastructure | E25: -9512618 | F25: -67682 | G25: -2535422 | H25: 20000 | I25: -5370006
B26: Advancement | C26: BU109 | D26: CCH100034 | E26: -1343155 | F26: 0 | G26: 0 | H26: 0 | I26: 0
B27: Attorney General | C27: BU113 | D27: CCH100026 | E27: 0 | F27: 0 | G27: 0 | H27: 0 | I27: 0
B28: Campus Community Safety | C28: BU166 | D28: CCH104556 | E28: -85437 | F28: 0 | G28: -66888 | H28: 0 | I28: 0
B29: Executive Office | C29: BU105 | D29: CCH100020 | E29: -71951 | F29: -69682 | G29: -350332 | H29: 0 | I29: -270006
B30: External Affairs | C30: BU114 | D30: CCH100022 | E30: -394963 | F30: 2000 | G30: 3000 | H30: 20000 | I30: 0
B31: Facilities | C31: BU111 | D31: CCH100049 | E31: -7672427 | F31: 0 | G31: 0 | H31: 0 | I31: -5100000
B32: Finance | C32: BU106 | D32: CCH100047 | E32: -49228 | F32: 0 | G32: 0 | H32: 0 | I32: 0
B33: Human Resources | C33: BU108 | D33: CCH100044 | E33: 80969 | F33: 0 | G33: 0 | H33: 0 | I33: 0
B34: UW Information Technology | C34: BU110 | D34: CCH100040 | E34: 23574 | F34: 0 | G34: -2121202 | H34: 0 | I34: 0
B35: Instructional & Student Support | E35: -2144726 | F35: 533000 | G35: 0 | H35: 0 | I35: -111000
B36: Continuum College | C36: BU121 | D36: CCH100030 | E36: 1418 | F36: 0 | G36: 0 | H36: 0 | I36: 0
B37: Global Affairs | C37: BU142 | D37: CCH100027 | E37: -81776 | F37: 0 | G37: 0 | H37: 0 | I37: 0
B38: Graduate School | C38: BU122 | D38: CCH100041 | E38: 35123 | F38: 0 | G38: 0 | H38: 0 | I38: 0
B39: Intercollegiate Athletics | C39: BU104 | D39: CCH100029 | E39: -1767000 | F39: 533000 | G39: 0 | H39: 0 | I39: 0
B40: Minority Affairs | C40: BU119 | D40: CCH100032 | E40: 47407 | F40: 0 | G40: 0 | H40: 0 | I40: 0
B41: Student Life | C41: BU115 | D41: CCH100038 | E41: -418682 | F41: 0 | G41: 0 | H41: 0 | I41: 0
B42: Undergraduate Academic Affairs | C42: BU118 | D42: CCH100021 | E42: 38784 | F42: 0 | G42: 0 | H42: 0 | I42: -111000
B43: Research and Innovation | E43: 451095 | F43: 0 | G43: 0 | H43: 0 | I43: 0
B44: CoMotion | C44: BU124 | D44: CCH100018 | E44: 26507 | F44: 0 | G44: 0 | H44: 0 | I44: 0
B45: Libraries | C45: BU125 | D45: CCH100016 | E45: 17514 | F45: 0 | G45: 0 | H45: 0 | I45: 0
B46: Vice Provost of Research | C46: BU123 | D46: CCH100025 | E46: 407074 | F46: 0 | G46: 0 | H46: 0 | I46: 0
B47: Seattle Total | E47: -17484226 | F47: -713506 | G47: -3428440 | H47: 1 | I47: -7656815
B48: Bothell | C48: BU102 | D48: CCH100024 | E48: -15000 | F48: 0 | G48: 0 | H48: 0 | I48: 0
B49: Tacoma | C49: BU103 | D49: CCH100037 | E49: 0 | F49: 0 | G49: 0 | H49: 0 | I49: 0
B50: Bothell and Tacoma Total | E50: -15000 | F50: 0 | G50: 0 | H50: 0 | I50: 0
B51: Grand Total | E51: -17499226 | F51: -713506 | G51: -3428440 | H51: 1 | I51: -7656815
B54: Footnotes by column

Sheet Supp_Fixed Costs
B3: FY2025 Core Funds Allocation Table: Fixed Costs
B4: =Tuition!B4 -> 45331
B5: Cost Center Level 05 Name | C5: Balancing Unit | D5: Cost Center Level 05 Code | E5: FY2025 Increment | F5: FY2026 Increment | G5: FY2027 Increment | H5: FY2028 Increment | I5: FY2029 Increment
E6: Calculated Field | F6: Calculated Field | G6: Calculated Field | H6: Calculated Field | I6: Calculated Field
B8: Seattle Academic Units | E8: 0 | F8: 0 | G8: 0 | H8: 0 | I8: 0
B9: College of Arts and Sciences | C9: BU134 | D9: CCH100036 | E9: 0 | F9: 0 | G9: 0 | H9: 0 | I9: 0
B10: College of Built Environments | C10: BU139 | D10: CCH100039 | E10: 0 | F10: 0 | G10: 0 | H10: 0 | I10: 0
B11: College of Education | C11: BU136 | D11: CCH100042 | E11: 0 | F11: 0 | G11: 0 | H11: 0 | I11: 0
B12: College of Engineering | C12: BU132 | D12: CCH100058 | E12: 0 | F12: 0 | G12: 0 | H12: 0 | I12: 0
B13: College of the Environment | C13: BU133 | D13: CCH100043 | E13: 0 | F13: 0 | G13: 0 | H13: 0 | I13: 0
B14: Evans School of Public Policy and Governance | C14: BU137 | D14: CCH100019 | E14: 0 | F14: 0 | G14: 0 | H14: 0 | I14: 0
B15: Foster School of Business | C15: BU140 | D15: CCH100023 | E15: 0 | F15: 0 | G15: 0 | H15: 0 | I15: 0
B16: Information School | C16: BU138 | D16: CCH100028 | E16: 0 | F16: 0 | G16: 0 | H16: 0 | I16: 0
B17: School of Dentistry | C17: BU127 | D17: CCH100033 | E17: 0 | F17: 0 | G17: 0 | H17: 0 | I17: 0
B18: School of Law | C18: BU141 | D18: CCH100017 | E18: 0 | F18: 0 | G18: 0 | H18: 0 | I18: 0
B19: School of Medicine | C19: BU131 | D19: CCH100050 | E19: 0 | F19: 0 | G19: 0 | H19: 0 | I19: 0
B20: School of Nursing | C20: BU129 | D20: CCH100031 | E20: 0 | F20: 0 | G20: 0 | H20: 0 | I20: 0
... B23: School of Social Work | C23: BU135 | D23: CCH100046 | E23: 0 | F23: 0 | G23: 0 | H23: 0 | I23: 0
B24: Seattle Administrative Units | E24: 0 | F24: 0 | G24: 0 | H24: 0 | I24: 0
B25: Institutional Infrastructure | E25: 0 | F25: 0 | G25: 0 | H25: 0 | I25: 0
B26: Advancement | C26: BU109 | D26: CCH100034 | E26: 0 | F26: 0 | G26: 0 | H26: 0 | I26: 0
B27: Attorney General | C27: BU113 | D27: CCH100026 | E27: 0 | F27: 0 | G27: 0 | H27: 0 | I27: 0
B28: Campus Community Safety | C28: BU166 | D28: CCH104556 | E28: 0 | F28: 0 | G28: 0 | H28: 0 | I28: 0
B29: Executive Office | C29: BU105 | D29: CCH100020 | E29: 0 | F29: 0 | G29: 0 | H29: 0 | I29: 0
B30: External Affairs | C30: BU114 | D30: CCH100022 | E30: 0 | F30: 0 | G30: 0 | H30: 0 | I30: 0
B31: Facilities | C31: BU111 | D31: CCH100049 | E31: 0 | F31: 0 | G31: 0 | H31: 0 | I31: 0
B32: Finance | C32: BU106 | D32: CCH100047 | E32: 0 | F32: 0 | G32: 0 | H32: 0 | I32: 0
B33: Human Resources | C33: BU108 | D33: CCH100044 | E33: 0 | F33: 0 | G33: 0 | H33: 0 | I33: 0
B34: UW Information Technology | C34: BU110 | D34: CCH100040 | E34: 0 | F34: 0 | G34: 0 | H34: 0 | I34: 0
B35: Instructional & Student Support | E35: 0 | F35: 0 | G35: 0 | H35: 0 | I35: 0
B36: Continuum College | C36: BU121 | D36: CCH100030 | E36: 0 | F36: 0 | G36: 0 | H36: 0 | I36: 0
B37: Global Affairs | C37: BU142 | D37: CCH100027 | E37: 0 | F37: 0 | G37: 0 | H37: 0 | I37: 0
B38: Graduate School | C38: BU122 | D38: CCH100041 | E38: 0 | F38: 0 | G38: 0 | H38: 0 | I38: 0
B39: Intercollegiate Athletics | C39: BU104 | D39: CCH100029 | E39: 0 | F39: 0 | G39: 0 | H39: 0 | I39: 0
B40: Minority Affairs | C40: BU119 | D40: CCH100032 | E40: 0 | F40: 0 | G40: 0 | H40: 0 | I40: 0
B41: Student Life | C41: BU115 | D41: CCH100038 | E41: 0 | F41: 0 | G41: 0 | H41: 0 | I41: 0
B42: Undergraduate Academic Affairs | C42: BU118 | D42: CCH100021 | E42: 0 | F42: 0 | G42: 0 | H42: 0 | I42: 0
B43: Research and Innovation | E43: 0 | F43: 0 | G43: 0 | H43: 0 | I43: 0
B44: CoMotion | C44: BU124 | D44: CCH100018 | E44: 0 | F44: 0 | G44: 0 | H44: 0 | I44: 0
B45: Libraries | C45: BU125 | D45: CCH100016 | E45: 0 | F45: 0 | G45: 0 | H45: 0 | I45: 0
B46: Vice Provost of Research | C46: BU123 | D46: CCH100025 | E46: 0 | F46: 0 | G46: 0 | H46: 0 | I46: 0
B47: Seattle Total | E47: 0 | F47: 0 | G47: 0 | H47: 0 | I47: 0
B48: Bothell | C48: BU102 | D48: CCH100024 | E48: 0 | F48: 0 | G48: 0 | H48: 0 | I48: 0
B49: Tacoma | C49: BU103 | D49: CCH100037 | E49: 0 | F49: 0 | G49: 0 | H49: 0 | I49: 0
B50: Bothell and Tacoma Total | E50: 0 | F50: 0 | G50: 0 | H50: 0 | I50: 0
B51: Grand Total | E51: 0 | F51: 0 | G51: 0 | H51: 0 | I51: 0
B54: Footnotes by column

Sheet Supp_Salary & Benefits
B3: FY2025 Core Funds Allocation Table: Salary and Benefits
B4: =Tuition!B4 -> 45331
B5: Cost Center Level 05 Name | C5: Balancing Unit | D5: Cost Center Level 05 Code | E5: FY2025 Increment | F5: FY2026 Increment | G5: FY2027 Increment | H5: FY2028 Increment | I5: FY2029 Increment
E6: Calculated Field | F6: Calculated Field | G6: Calculated Field | H6: Calculated Field | I6: Calculated Field
B8: Seattle Academic Units | E8: 178362 | F8: 0 | G8: 0 | H8: 0 | I8: 0
B9: College of Arts and Sciences | C9: BU134 | D9: CCH100036 | E9: 2739 | F9: 0 | G9: 0 | H9: 0 | I9: 0
B10: College of Built Environments | C10: BU139 | D10: CCH100039 | E10: 2427 | F10: 0 | G10: 0 | H10: 0 | I10: 0
B11: College of Education | C11: BU136 | D11: CCH100042 | E11: 2213 | F11: 0 | G11: 0 | H11: 0 | I11: 0
B12: College of Engineering | C12: BU132 | D12: CCH100058 | E12: 4401 | F12: 0 | G12: 0 | H12: 0 | I12: 0
B13: College of the Environment | C13: BU133 | D13: CCH100043 | E13: 4166 | F13: 0 | G13: 0 | H13: 0 | I13: 0
B14: Evans School of Public Policy and Governance | C14: BU137 | D14: CCH100019 | E14: 2125 | F14: 0 | G14: 0 | H14: 0 | I14: 0
B15: Foster School of Business | C15: BU140 | D15: CCH100023 | E15: 3541 | F15: 0 | G15: 0 | H15: 0 | I15: 0
B16: Information School | C16: BU138 | D16: CCH100028 | E16: 1822 | F16: 0 | G16: 0 | H16: 0 | I16: 0
B17: School of Dentistry | C17: BU127 | D17: CCH100033 | E17: 20305 | F17: 0 | G17: 0 | H17: 0 | I17: 0
B18: School of Law | C18: BU141 | D18: CCH100017 | E18: 2158 | F18: 0 | G18: 0 | H18: 0 | I18: 0
B19: School of Medicine | C19: BU131 | D19: CCH100050 | E19: 94590 | F19: 0 | G19: 0 | H19: 0 | I19: 0
B20: School of Nursing | C20: BU129 | D20: CCH100031 | E20: 1162 | F20: 0 | G20: 0 | H20: 0 | I20: 0
... B23: School of Social Work | C23: BU135 | D23: CCH100046 | E23: 2755 | F23: 0 | G23: 0 | H23: 0 | I23: 0
B24: Seattle Administrative Units | E24: 1757543 | F24: 0 | G24: 0 | H24: 0 | I24: 0
B25: Institutional Infrastructure | E25: 1065345 | F25: 0 | G25: 0 | H25: 0 | I25: 0
B26: Advancement | C26: BU109 | D26: CCH100034 | E26: 106845 | F26: 0 | G26: 0 | H26: 0 | I26: 0
B27: Attorney General | C27: BU113 | D27: CCH100026 | E27: 0 | F27: 0 | G27: 0 | H27: 0 | I27: 0
B28: Campus Community Safety | C28: BU166 | D28: CCH104556 | E28: 14563 | F28: 0 | G28: 0 | H28: 0 | I28: 0
B29: Executive Office | C29: BU105 | D29: CCH100020 | E29: 363908 | F29: 0 | G29: 0 | H29: 0 | I29: 0
B30: External Affairs | C30: BU114 | D30: CCH100022 | E30: 17317 | F30: 0 | G30: 0 | H30: 0 | I30: 0
B31: Facilities | C31: BU111 | D31: CCH100049 | E31: 121816 | F31: 0 | G31: 0 | H31: 0 | I31: 0
B32: Finance | C32: BU106 | D32: CCH100047 | E32: 88672 | F32: 0 | G32: 0 | H32: 0 | I32: 0
B33: Human Resources | C33: BU108 | D33: CCH100044 | E33: 80969 | F33: 0 | G33: 0 | H33: 0 | I33: 0
B34: UW Information Technology | C34: BU110 | D34: CCH100040 | E34: 271255 | F34: 0 | G34: 0 | H34: 0 | I34: 0
B35: Instructional & Student Support | E35: 191103 | F35: 0 | G35: 0 | H35: 0 | I35: 0
B36: Continuum College | C36: BU121 | D36: CCH100030 | E36: 1418 | F36: 0 | G36: 0 | H36: 0 | I36: 0
B37: Global Affairs | C37: BU142 | D37: CCH100027 | E37: 5488 | F37: 0 | G37: 0 | H37: 0 | I37: 0
B38: Graduate School | C38: BU122 | D38: CCH100041 | E38: 35123 | F38: 0 | G38: 0 | H38: 0 | I38: 0
B39: Intercollegiate Athletics | C39: BU104 | D39: CCH100029 | E39: 0 | F39: 0 | G39: 0 | H39: 0 | I39: 0
B40: Minority Affairs | C40: BU119 | D40: CCH100032 | E40: 47407 | F40: 0 | G40: 0 | H40: 0 | I40: 0
B41: Student Life | C41: BU115 | D41: CCH100038 | E41: 62883 | F41: 0 | G41: 0 | H41: 0 | I41: 0
B42: Undergraduate Academic Affairs | C42: BU118 | D42: CCH100021 | E42: 38784 | F42: 0 | G42: 0 | H42: 0 | I42: 0
B43: Research and Innovation | E43: 501095 | F43: 0 | G43: 0 | H43: 0 | I43: 0
B44: CoMotion | C44: BU124 | D44: CCH100018 | E44: 26507 | F44: 0 | G44: 0 | H44: 0 | I44: 0
B45: Libraries | C45: BU125 | D45: CCH100016 | E45: 17514 | F45: 0 | G45: 0 | H45: 0 | I45: 0
B46: Vice Provost of Research | C46: BU123 | D46: CCH100025 | E46: 457074 | F46: 0 | G46: 0 | H46: 0 | I46: 0
B47: Seattle Total | E47: 1935905 | F47: 0 | G47: 0 | H47: 0 | I47: 0
B48: Bothell | C48: BU102 | D48: CCH100024 | E48: 0 | F48: 0 | G48: 0 | H48: 0 | I48: 0
B49: Tacoma | C49: BU103 | D49: CCH100037 | E49: 0 | F49: 0 | G49: 0 | H49: 0 | I49: 0
B50: Bothell and Tacoma Total | E50: 0 | F50: 0 | G50: 0 | H50: 0 | I50: 0
B51: Grand Total | E51: 1935905 | F51: 0 | G51: 0 | H51: 0 | I51: 0
B54: Footnotes by column

Sheet Supp_PRF
B3: FY2025 Core Funds Allocation Table: PRF
B4: =Tuition!B4 -> 45331
B5: Cost Center Level 05 Name | C5: Balancing Unit | D5: Cost Center Level 05 Code | E5: FY2024 Total Base | F5: FY2024 Non-Ongoing | G5: FY2025 New Allocations | H5: FY2025 Increment | I5: FY2025 Total Base | J5: FY2025 Non-Ongoing | K5: FY2026 New Allocations | L5: FY2026 Increment | M5: FY2026 Total Base | N5: FY2026 Non-Ongoing | O5: FY2027 New Allocations | P5: FY2027 Increment | Q5: FY2027 Total Base | R5: FY2027 Non-Ongoing | S5: FY2028 New Allocations | T5: FY2028 Increment | U5: FY2028 Total Base | V5: FY2028 Non-Ongoing | W5: FY2029 New Allocations | X5: FY2029 Increment | Y5: FY2029 Total Base
E6: Calculated Field | I6: Calculated Field | L6: Calculated Field | M6: Calculated Field | P6: Calculated Field | Q6: Calculated Field | T6: Calculated Field | U6: Calculated Field | X6: Calculated Field | Y6: Calculated Field
B8: Seattle Academic Units | E8: 12720761 | F8: -10863586 | G8: 4407247 | H8: -6456339 | I8: 6264422 | J8: -4267650 | K8: 3088826 | L8: -1178824 | M8: 5085598 | N8: -3088826 | O8: 2195808 | P8: -893018 | Q8: 4192580 | R8: -2195808 | S8: 2175809 | T8: -19999 | U8: 4172581 | V8: -2175809 | W8: 0 | X8: -2175809 | Y8: 1996772
B9: College of Arts and Sciences | C9: BU134 | D9: CCH100036 | E9: 2127161 | F9: -1959469 | G9: 1478962 | H9: -480507 | I9: 1646654 | J9: -1478962 | K9: 695138 | L9: -783824 | M9: 862830 | N9: -695138 | O9: 357120 | P9: -338018 | Q9: 524812 | R9: -357120 | S9: 357120 | T9: 0 | U9: 524812 | V9: -357120 | W9: 0 | X9: -357120 | Y9: 167692
B10: College of Built Environments | C10: BU139 | D10: CCH100039 | E10: 161341 | F10: -96000 | G10: 96000 | H10: 0 | I10: 161341 | J10: -96000 | K10: 0 | L10: -96000 | M10: 65341 | N10: 0 | O10: 0 | P10: 0 | Q10: 65341 | R10: 0 | S10: 0 | T10: 0 | U10: 65341 | V10: 0 | W10: 0 | X10: 0 | Y10: 65341
B11: College of Education | C11: BU136 | D11: CCH100042 | E11: 566799 | F11: -485000 | G11: 0 | H11: -485000 | I11: 81799 | J11: 0 | K11: 0 | L11: 0 | M11: 81799 | N11: 0 | O11: 0 | P11: 0 | Q11: 81799 | R11: 0 | S11: 0 | T11: 0 | U11: 81799 | V11: 0 | W11: 0 | X11: 0 | Y11: 81799
B12: College of Engineering | C12: BU132 | D12: CCH100058 | E12: 2407040 | F12: -2375000 | G12: 2305000 | H12: -70000 | I12: 2337040 | J12: -2305000 | K12: 2305000 | L12: 0 | M12: 2337040 | N12: -2305000 | O12: 2075000 | P12: -230000 | Q12: 2107040 | R12: -2075000 | S12: 2075000 | T12: 0 | U12: 2107040 | V12: -2075000 | W12: 0 | X12: -2075000 | Y12: 32040
B13: College of the Environment | C13: BU133 | D13: CCH100043 | E13: 1202304 | F13: -1202304 | G13: 499000 | H13: -703304 | I13: 499000 | J13: -499000 | K13: 300000 | L13: -199000 | M13: 300000 | N13: -300000 | O13: 0 | P13: -300000 | Q13: 0 | R13: 0 | S13: 0 | T13: 0 | U13: 0 | V13: 0 | W13: 0 | X13: 0 | Y13: 0
B14: Evans School of Public Policy and Governance | C14: BU137 | D14: CCH100019 | E14: 326827 | F14: -254763 | G14: 0 | H14: -254763 | I14: 72064 | J14: 0 | K14: 0 | L14: 0 | M14: 72064 | N14: 0 | O14: 0 | P14: 0 | Q14: 72064 | R14: 0 | S14: 0 | T14: 0 | U14: 72064 | V14: 0 | W14: 0 | X14: 0 | Y14: 72064
B15: Foster School of Business | C15: BU140 | D15: CCH100023 | E15: 148887 | F15: -108850 | G15: 25000 | H15: -83850 | I15: 65037 | J15: -25000 | K15: 25000 | L15: 0 | M15: 65037 | N15: -25000 | O15: 0 | P15: -25000 | Q15: 40037 | R15: 0 | S15: 0 | T15: 0 | U15: 40037 | V15: 0 | W15: 0 | X15: 0 | Y15: 40037
B16: Information School | C16: BU138 | D16: CCH100028 | E16: 118022 | F16: 0 | G16: 0 | H16: 0 | I16: 118022 | J16: 0 | K16: 0 | L16: 0 | M16: 118022 | N16: 0 | O16: 0 | P16: 0 | Q16: 118022 | R16: 0 | S16: 0 | T16: 0 | U16: 118022 | V16: 0 | W16: 0 | X16: 0 | Y16: 118022
B17: School of Dentistry | C17: BU127 | D17: CCH100033 | E17: 1337919 | F17: -510000 | G17: 108219 | H17: -401781 | I17: 936138 | J17: -10000 | K17: 10000 | L17: 0 | M17: 936138 | N17: -10000 | O17: 10000 | P17: 0 | Q17: 936138 | R17: -10000 | S17: 0 | T17: -10000 | U17: 926138 | V17: 0 | W17: 0 | X17: 0 | Y17: 926138
B18: School of Law | C18: BU141 | D18: CCH100017 | E18: 186012 | F18: -110000 | G18: 110000 | H18: 0 | I18: 186012 | J18: -110000 | K18: 10000 | L18: -100000 | M18: 86012 | N18: -10000 | O18: 10000 | P18: 0 | Q18: 86012 | R18: -10000 | S18: 0 | T18: -10000 | U18: 76012 | V18: 0 | W18: 0 | X18: 0 | Y18: 76012
B19: School of Medicine | C19: BU131 | D19: CCH100050 | E19: 1871284 | F19: -1748434 | G19: 0 | H19: -1748434 | I19: 122850 | J19: 0 | K19: 0 | L19: 0 | M19: 122850 | N19: 0 | O19: 0 | P19: 0 | Q19: 122850 | R19: 0 | S19: 0 | T19: 0 | U19: 122850 | V19: 0 | W19: 0 | X19: 0 | Y19: 122850
B20: School of Nursing | C20: BU129 | D20: CCH100031 | E20: 381721 | F20: -840931 | G20: 0 | H20: -840931 | I20: -459210 | J20: 0 | K20: 0 | L20: 0 | M20: -459210 | N20: 0 | O20: 0 | P20: 0 | Q20: -459210 | R20: 0 | S20: 0 | T20: 0 | U20: -459210 | V20: 0 | W20: 0 | X20: 0 | Y20: -459210
... B23: School of Social Work | C23: BU135 | D23: CCH100046 | E23: 628244 | F23: -375100 | G23: 0 | H23: -375100 | I23: 253144 | J23: 0 | K23: 0 | L23: 0 | M23: 253144 | N23: 0 | O23: 0 | P23: 0 | Q23: 253144 | R23: 0 | S23: 0 | T23: 0 | U23: 253144 | V23: 0 | W23: 0 | X23: 0 | Y23: 253144
B24: Seattle Administrative Units | E24: 42903562 | F24: -21682543 | G24: 8718751 | H24: -12963792 | I24: 29939770 | J24: -8089110 | K24: 8554428 | L24: 465318 | M24: 30405088 | N24: -8019428 | O24: 5484006 | P24: -2535422 | Q24: 27869666 | R24: -5481006 | S24: 5501006 | T24: 20000 | U24: 27889666 | V24: -5481006 | W24: 0 | X24: -5481006 | Y24: 22408660
B25: Institutional Infrastructure | E25: 35567676 | F25: -18652714 | G25: 8074751 | H25: -10577963 | I25: 24989713 | J25: -7978110 | K25: 7910428 | L25: -67682 | M25: 24922031 | N25: -7908428 | O25: 5373006 | P25: -2535422 | Q25: 22386609 | R25: -5370006 | S25: 5390006 | T25: 20000 | U25: 22406609 | V25: -5370006 | W25: 0 | X25: -5370006 | Y25: 17036603
B26: Advancement | C26: BU109 | D26: CCH100034 | E26: 1450000 | F26: -1450000 | G26: 0 | H26: -1450000 | I26: 0 | J26: 0 | K26: 0 | L26: 0 | M26: 0 | N26: 0 | O26: 0 | P26: 0 | Q26: 0 | R26: 0 | S26: 0 | T26: 0 | U26: 0 | V26: 0 | W26: 0 | X26: 0 | Y26: 0
B27: Attorney General | C27: BU113 | D27: CCH100026 | E27: 0 | F27: 0 | G27: 0 | H27: 0 | I27: 0 | J27: 0 | K27: 0 | L27: 0 | M27: 0 | N27: 0 | O27: 0 | P27: 0 | Q27: 0 | R27: 0 | S27: 0 | T27: 0 | U27: 0 | V27: 0 | W27: 0 | X27: 0 | Y27: 0
B28: Campus Community Safety | C28: BU166 | D28: CCH104556 | E28: 1715969 | F28: -166888 | G28: 66888 | H28: -100000 | I28: 1615969 | J28: -66888 | K28: 66888 | L28: 0 | M28: 1615969 | N28: -66888 | O28: 0 | P28: -66888 | Q28: 1549081 | R28: 0 | S28: 0 | T28: 0 | U28: 1549081 | V28: 0 | W28: 0 | X28: 0 | Y28: 1549081
B29: Executive Office | C29: BU105 | D29: CCH100020 | E29: 1797789 | F29: -1178520 | G29: 742661 | H29: -435859 | I29: 1361930 | J29: -690020 | K29: 620338 | L29: -69682 | M29: 1292248 | N29: -620338 | O29: 270006 | P29: -350332 | Q29: 941916 | R29: -270006 | S29: 270006 | T29: 0 | U29: 941916 | V29: -270006 | W29: 0 | X29: -270006 | Y29: 671910
B30: External Affairs | C30: BU114 | D30: CCH100022 | E30: 700542 | F30: -456280 | G30: 44000 | H30: -412280 | I30: 288262 | J30: 0 | K30: 2000 | L30: 2000 | M30: 290262 | N30: 0 | O30: 3000 | P30: 3000 | Q30: 293262 | R30: 0 | S30: 20000 | T30: 20000 | U30: 313262 | V30: 0 | W30: 0 | X30: 0 | Y30: 313262
B31: Facilities | C31: BU111 | D31: CCH100049 | E31: 20325803 | F31: -12894243 | G31: 5100000 | H31: -7794243 | I31: 12531560 | J31: -5100000 | K31: 5100000 | L31: 0 | M31: 12531560 | N31: -5100000 | O31: 5100000 | P31: 0 | Q31: 12531560 | R31: -5100000 | S31: 5100000 | T31: 0 | U31: 12531560 | V31: -5100000 | W31: 0 | X31: -5100000 | Y31: 7431560
B32: Finance | C32: BU106 | D32: CCH100047 | E32: 137900 | F32: -137900 | G32: 0 | H32: -137900 | I32: 0 | J32: 0 | K32: 0 | L32: 0 | M32: 0 | N32: 0 | O32: 0 | P32: 0 | Q32: 0 | R32: 0 | S32: 0 | T32: 0 | U32: 0 | V32: 0 | W32: 0 | X32: 0 | Y32: 0
B33: Human Resources | C33: BU108 | D33: CCH100044 | E33: 779240 | F33: 0 | G33: 0 | H33: 0 | I33: 779240 | J33: 0 | K33: 0 | L33: 0 | M33: 779240 | N33: 0 | O33: 0 | P33: 0 | Q33: 779240 | R33: 0 | S33: 0 | T33: 0 | U33: 779240 | V33: 0 | W33: 0 | X33: 0 | Y33: 779240
B34: UW Information Technology | C34: BU110 | D34: CCH100040 | E34: 8660433 | F34: -2368883 | G34: 2121202 | H34: -247681 | I34: 8412752 | J34: -2121202 | K34: 2121202 | L34: 0 | M34: 8412752 | N34: -2121202 | O34: 0 | P34: -2121202 | Q34: 6291550 | R34: 0 | S34: 0 | T34: 0 | U34: 6291550 | V34: 0 | W34: 0 | X34: 0 | Y34: 6291550
B35: Instructional & Student Support | E35: 5187847 | F35: -2979829 | G35: 644000 | H35: -2335829 | I35: 2852018 | J35: -111000 | K35: 644000 | L35: 533000 | M35: 3385018 | N35: -111000 | O35: 111000 | P35: 0 | Q35: 3385018 | R35: -111000 | S35: 111000 | T35: 0 | U35: 3385018 | V35: -111000 | W35: 0 | X35: -111000 | Y35: 3274018
B36: Continuum College | C36: BU121 | D36: CCH100030 | E36: 0 | F36: 0 | G36: 0 | H36: 0 | I36: 0 | J36: 0 | K36: 0 | L36: 0 | M36: 0 | N36: 0 | O36: 0 | P36: 0 | Q36: 0 | R36: 0 | S36: 0 | T36: 0 | U36: 0 | V36: 0 | W36: 0 | X36: 0 | Y36: 0
B37: Global Affairs | C37: BU142 | D37: CCH100027 | E37: -198696 | F37: -87264 | G37: 0 | H37: -87264 | I37: -285960 | J37: 0 | K37: 0 | L37: 0 | M37: -285960 | N37: 0 | O37: 0 | P37: 0 | Q37: -285960 | R37: 0 | S37: 0 | T37: 0 | U37: -285960 | V37: 0 | W37: 0 | X37: 0 | Y37: -285960
B38: Graduate School | C38: BU122 | D38: CCH100041 | E38: 474579 | F38: 0 | G38: 0 | H38: 0 | I38: 474579 | J38: 0 | K38: 0 | L38: 0 | M38: 474579 | N38: 0 | O38: 0 | P38: 0 | Q38: 474579 | R38: 0 | S38: 0 | T38: 0 | U38: 474579 | V38: 0 | W38: 0 | X38: 0 | Y38: 474579
B39: Intercollegiate Athletics | C39: BU104 | D39: CCH100029 | E39: 2833000 | F39: -2300000 | G39: 533000 | H39: -1767000 | I39: 1066000 | J39: 0 | K39: 533000 | L39: 533000 | M39: 1599000 | N39: 0 | O39: 0 | P39: 0 | Q39: 1599000 | R39: 0 | S39: 0 | T39: 0 | U39: 1599000 | V39: 0 | W39: 0 | X39: 0 | Y39: 1599000
B40: Minority Affairs | C40: BU119 | D40: CCH100032 | E40: 0 | F40: 0 | G40: 0 | H40: 0 | I40: 0 | J40: 0 | K40: 0 | L40: 0 | M40: 0 | N40: 0 | O40: 0 | P40: 0 | Q40: 0 | R40: 0 | S40: 0 | T40: 0 | U40: 0 | V40: 0 | W40: 0 | X40: 0 | Y40: 0
B41: Student Life | C41: BU115 | D41: CCH100038 | E41: 939557 | F41: -481565 | G41: 0 | H41: -481565 | I41: 457992 | J41: 0 | K41: 0 | L41: 0 | M41: 457992 | N41: 0 | O41: 0 | P41: 0 | Q41: 457992 | R41: 0 | S41: 0 | T41: 0 | U41: 457992 | V41: 0 | W41: 0 | X41: 0 | Y41: 457992
B42: Undergraduate Academic Affairs | C42: BU118 | D42: CCH100021 | E42: 1139407 | F42: -111000 | G42: 111000 | H42: 0 | I42: 1139407 | J42: -111000 | K42: 111000 | L42: 0 | M42: 1139407 | N42: -111000 | O42: 111000 | P42: 0 | Q42: 1139407 | R42: -111000 | S42: 111000 | T42: 0 | U42: 1139407 | V42: -111000 | W42: 0 | X42: -111000 | Y42: 1028407
B43: Research and Innovation | E43: 2148039 | F43: -50000 | G43: 0 | H43: -50000 | I43: 2098039 | J43: 0 | K43: 0 | L43: 0 | M43: 2098039 | N43: 0 | O43: 0 | P43: 0 | Q43: 2098039 | R43: 0 | S43: 0 | T43: 0 | U43: 2098039 | V43: 0 | W43: 0 | X43: 0 | Y43: 2098039
B44: CoMotion | C44: BU124 | D44: CCH100018 | E44: 1064054 | F44: 0 | G44: 0 | H44: 0 | I44: 1064054 | J44: 0 | K44: 0 | L44: 0 | M44: 1064054 | N44: 0 | O44: 0 | P44: 0 | Q44: 1064054 | R44: 0 | S44: 0 | T44: 0 | U44: 1064054 | V44: 0 | W44: 0 | X44: 0 | Y44: 1064054
B45: Libraries | C45: BU125 | D45: CCH100016 | E45: 555489 | F45: 0 | G45: 0 | H45: 0 | I45: 555489 | J45: 0 | K45: 0 | L45: 0 | M45: 555489 | N45: 0 | O45: 0 | P45: 0 | Q45: 555489 | R45: 0 | S45: 0 | T45: 0 | U45: 555489 | V45: 0 | W45: 0 | X45: 0 | Y45: 555489
B46: Vice Provost of Research | C46: BU123 | D46: CCH100025 | E46: 528496 | F46: -50000 | G46: 0 | H46: -50000 | I46: 478496 | J46: 0 | K46: 0 | L46: 0 | M46: 478496 | N46: 0 | O46: 0 | P46: 0 | Q46: 478496 | R46: 0 | S46: 0 | T46: 0 | U46: 478496 | V46: 0 | W46: 0 | X46: 0 | Y46: 478496
B47: Seattle Total | E47: 55624323 | F47: -32546129 | G47: 13125998 | H47: -19420131 | I47: 36204192 | J47: -12356760 | K47: 11643254 | L47: -713506 | M47: 35490686 | N47: -11108254 | O47: 7679814 | P47: -3428440 | Q47: 32062246 | R47: -7676814 | S47: 7676815 | T47: 1 | U47: 32062247 | V47: -7656815 | W47: 0 | X47: -7656815 | Y47: 24405432
B48: Bothell | C48: BU102 | D48: CCH100024 | E48: 15000 | F48: -15000 | G48: 0 | H48: -15000 | I48: 0 | J48: 0 | K48: 0 | L48: 0 | M48: 0 | N48: 0 | O48: 0 | P48: 0 | Q48: 0 | R48: 0 | S48: 0 | T48: 0 | U48: 0 | V48: 0 | W48: 0 | X48: 0 | Y48: 0
B49: Tacoma | C49: BU103 | D49: CCH100037 | E49: 0 | F49: 0 | G49: 0 | H49: 0 | I49: 0 | J49: 0 | K49: 0 | L49: 0 | M49: 0 | N49: 0 | O49: 0 | P49: 0 | Q49: 0 | R49: 0 | S49: 0 | T49: 0 | U49: 0 | V49: 0 | W49: 0 | X49: 0 | Y49: 0
B50: Bothell and Tacoma Total | E50: 15000 | F50: -15000 | G50: 0 | H50: -15000 | I50: 0 | J50: 0 | K50: 0 | L50: 0 | M50: 0 | N50: 0 | O50: 0 | P50: 0 | Q50: 0 | R50: 0 | S50: 0 | T50: 0 | U50: 0 | V50: 0 | W50: 0 | X50: 0 | Y50: 0
B51: Grand Total | E51: 55639323 | F51: -32561129 | G51: 13125998 | H51: -19435131 | I51: 36204192 | J51: -12356760 | K51: 11643254 | L51: -713506 | M51: 35490686 | N51: -11108254 | O51: 7679814 | P51: -3428440 | Q51: 32062246 | R51: -7676814 | S51: 7676815 | T51: 1 | U51: 32062247 | V51: -7656815 | W51: 0 | X51: -7656815 | Y51: 24405432
B54: Footnotes by column
